 Dungeon Crawl Stone Soup version 0.31.0-12-g77e489cdc1 (webtiles) character file.

Game seed: 17349071496274695423

617152 spaghetti the Wrestler (level 27, -11/293 HPs)
             Began as a Naga Chaos Knight on Mar 7, 2024.
             Was a Favourite Plaything of Xom.
             Mangled by an acid blob (31 damage)
             ... on level 5 of the Pits of Slime on Mar 8, 2024.
             The game lasted 02:18:54 (67906 turns).

spaghetti the Wrestler (Naga Chaos Knight)         Turns: 67906, Time: 02:18:55

Health: -11/293    AC: 54    Str: 32    XL:     27
Magic:  5/48       EV: 13    Int: 30    God:    Xom [..*...]
Gold:   3644       SH: 32    Dex: 29    Spells: 39/50 levels left

rFire   + .          .
                       - Unarmed
rCold   . . .        N - +6 tower shield "Xurege" {+Blink}
rNeg    + . .        C - +6 crystal plate armour
rPois   +            R - +2 hat
rElec   +            g - +2 cloak {Will+}
rCorr   +            p - +3 pair of gloves "Meghuqusou" {Dex+4}
SInv    +            y - +10 Black Knight's barding {ponderous, rPois rN+}
Will    ++++.        a - amulet "Tuzoni" {Acrobat Harm Will- rCorr Int+3}
Stlth   +            U - ring "Evvogg" {rPois Int+8 Dex+2 Slay+4}
HPRegen 0.68/turn    h - ring of Dyrremn {rElec rF+ MP+9 Str+6}
MPRegen 0.31/turn

%: harm (+30% outgoing, +20% incoming), acrobat
@: engulfed (cannot breathe), corroded, fragile (+50% incoming damage), studying
2 skills, very slow
A: AC +9, large, see invisible, deformed body, poison resistance, slowness 2,
spit poison 2, naga tail 2, antennae 1, stinger 2, iridescent scales 2, thin
skeletal structure 3, agile 2, clever 2, strong-willed 1, mutation resistance 2,
sense surroundings 1, robust 1, shaggy fur 1, strong 1, wild magic 3, MP-powered
wands
}: 3/15 runes: serpentine, barnacled, silver
a: Breathe Poison Gas, Renounce Religion, Evoke Blink


You were on level 5 of the Pits of Slime.
You worshipped Xom.
You were a toy of Xom.
You visited 11 branches of the dungeon, and saw 51 of its levels.
You also visited: Ice Cave.

You collected 9650 gold pieces.
You spent 6006 gold pieces at shops.

Inventory:

Missiles
 z - 11 throwing nets
Armour
 g - a +2 cloak of willpower (worn)
 p - the +3 pair of gloves "Meghuqusou" (worn) {Dex+4}
   (You acquired it on level 4 of the Snake Pit)

   Dex+4:     It affects your dexterity (+4).
 y - the +10 Black Knight's barding (worn) {ponderous, rPois rN+}
   (You bought it in a shop on level 7 of the Dungeon)

   rPois:     It protects you from poison rN+: It protects you from negative
   energy.
 A - +0 gold dragon scales
 C - a +6 crystal plate armour (worn)
 N - the +6 tower shield "Xurege" (worn) {+Blink}
   (You found it on level 14 of the Dungeon)

   +Blink:    It lets you blink.
 R - a +2 hat (worn)
Jewellery
 a - the amulet "Tuzoni" (around neck) {Acrobat Harm Will- rCorr Int+3}
   (You took it off a fire giant on level 5 of the Vaults)

   [amulet of the acrobat]

   Acrobat:   It increases your evasion while moving and waiting.
   Int+3:     It affects your intelligence (+3).
   Will-:     It decreases your willpower.
   rCorr:     It protects you from acid and corrosion.
   Harm:      It increases damage dealt and taken.
 h - the ring of Dyrremn (right hand) {rElec rF+ MP+9 Str+6}
   (Xom gifted it to you on level 2 of the Orcish Mines)

   [ring of strength]

   Str+6:     It affects your strength (+6).
   rF+:       It protects you from fire.
   rElec:     It insulates you from electricity.
   MP+9:      It affects your magic capacity (+9).
 Q - the ring "Basiadus" {rC+ MP+9 Int+6}
   (You took it off a spriggan berserker on level 2 of the Depths)

   [ring of intelligence]

   Int+6:     It affects your intelligence (+6).
   rC+:       It protects you from cold.
   MP+9:      It affects your magic capacity (+9).
 U - the ring "Evvogg" (left hand) {rPois Int+8 Dex+2 Slay+4}
   (You found it on level 5 of the Lair of Beasts)

   [ring of slaying]

   Int+8:     It affects your intelligence (+8).
   Dex+2:     It affects your dexterity (+2).
   Slay+4:    It affects your accuracy & damage with ranged weapons and melee
   (+4).
   rPois:     It protects you from poison
 W - the amulet "Sintu" {Spirit rC+ Int+5}
   (You took it off a frost giant on level 5 of the Vaults)

   [amulet of guardian spirit]

   Spirit:    It causes incoming damage to be divided between your reserves of
   health and magic.
   Int+5:     It affects your intelligence (+5).
   rC+:       It protects you from cold.
Wands
 k - a wand of flame (110)
 r - a wand of acid (42)
 u - a wand of polymorph (24)
 w - a wand of mindburst (33)
 H - a wand of paralysis (58)
 T - a wand of roots (55)
 Z - a wand of digging (7)
Scrolls
 c - a scroll of butterflies
 f - 4 scrolls of poison
 j - 12 scrolls of amnesia
 n - 9 scrolls of vulnerability
 o - 22 scrolls of teleportation
 q - a scroll of summoning
 s - 5 scrolls of fear
 x - 5 scrolls of brand weapon
 B - 7 scrolls of fog
 D - 9 scrolls of blinking
 E - 15 scrolls of enchant weapon
 G - 7 scrolls of immolation
 J - 2 scrolls of silence
 K - 5 scrolls of torment
 L - 10 scrolls of revelation
 O - 27 scrolls of identify
Potions
 d - 20 potions of curing
 e - 7 potions of invisibility
 i - 5 potions of haste
 l - 11 potions of lignification
 m - 3 potions of brilliance
 F - a potion of resistance
 I - 9 potions of enlightenment
 P - 5 potions of magic
 S - 2 potions of ambrosia
 V - a potion of cancellation
 X - 6 potions of mutation
 Y - 3 potions of might
Miscellaneous
 b - a condenser vane (inert)
 t - a phantom mirror (inert)
 M - a lightning rod (4/4)


   Skills:
 - Level 19.7 Fighting
 - Level 3.0 Short Blades
 - Level 18.0 Armour
 - Level 14.2 Dodging
 - Level 10.0 Stealth
 - Level 20.3 Shields
 - Level 21.3 Unarmed Combat
 - Level 12.2 Spellcasting
 + Level 18.1 Summonings


You had 39 spell levels left.
You knew the following spells:

 Your Spells              Type           Power      Damage    Failure   Level
a - Summon Hydra          Summ           63%        N/A       47%         7
b - Animate Armour        Summ/Erth      100%       N/A       30%         4

Your spell library contained the following spells:

 Spells                   Type           Power      Damage    Failure   Level
 Summon Small Mammal      Summ           100%       N/A       1%          1
 Call Canine Familiar     Summ           100%       N/A       2%          3
 Summon Cactus Giant      Summ           63%        N/A       16%         6
 Martyr's Knell           Necr/Summ      95%        N/A       30%         4
 Summon Forest            Summ/Tloc      47%        N/A       54%         5
 Summon Mana Viper        Hex/Summ       95%        N/A       54%         5
 Foxfire                  Conj/Fire      100%       2x1d9     67%         1
 Necrotise                Necr           100%       1d9       67%         1
 Sandblast                Erth           68%        2d15      67%         1
 Shock                    Conj/Air       100%       1d9       67%         1
 Slow                     Hex            100%       N/A       67%         1
 Sting                    Conj/Alch      100%       1d9       67%         1
 Cigotuvi's Dreadful Rot  Necr/Alch/Air  68%        N/A       78%         2
 Ensorcelled Hibernation  Hex/Ice        68%        N/A       78%         2
 Jinxbite                 Hex            68%        N/A       78%         2
 Lesser Beckoning         Tloc           68%        N/A       78%         2
 Mercury Vapours          Alch/Air       68%        N/A       78%         2
 Scorch                   Fire           68%        2d7       78%         2
 Sublimation of Blood     Necr           34%        N/A       78%         2
 Dazzling Flash           Conj/Hex       68%        N/A       93%         3
 Frozen Ramparts          Ice            68%        1d11      93%         3
 Gell's Gravitas          Tloc           34%        N/A       93%         3
 Inner Flame              Hex/Fire       34%        N/A       93%         3
 Mephitic Cloud           Conj/Alch/Air  34%        N/A       93%         3
 Passwall                 Erth           34%        N/A       93%         3
 Stone Arrow              Conj/Erth      68%        3d11      93%         3
 Swiftness                Air            34%        N/A       93%         3
 Teleport Other           Tloc           34%        N/A       93%         3
 Tukima's Dance           Hex            34%        N/A       93%         3
 Vampiric Draining        Necr           34%        2d8       93%         3
 Volatile Blastmotes      Fire/Tloc      68%        2d15      93%         3
 Airstrike                Air            17%        2d(3-19)  100%        4
 Brom's Barrelling Bould  Conj/Erth      34%        2d5       100%        4
 Dispel Undead            Necr           34%        3d15      100%        4
 Flame Wave               Conj/Fire      34%        2d10      100%        4
 Fulminant Prism          Conj/Alch      17%        3d10      100%        4
 Ignite Poison            Fire/Alch      34%        N/A       100%        4
 Iskenderun's Mystic Bla  Conj/Tloc      34%        2d8       100%        4
 Leda's Liquefaction      Alch/Erth      17%        N/A       100%        4
 Manifold Assault         Tloc           34%        N/A       100%        4
 Olgreb's Toxic Radiance  Alch           34%        N/A       100%        4
 Passage of Golubria      Tloc           34%        N/A       100%        4
 Petrify                  Alch/Erth      34%        N/A       100%        4
 Vhi's Electric Charge    Tloc/Air       68%        N/A       100%        4
 Arcjolt                  Conj/Air       17%        1d27      100%        5
 Curse of Agony           Necr           34%        N/A       100%        5
 Fireball                 Conj/Fire      17%        3d9       100%        5
 Freezing Cloud           Conj/Ice/Air   17%        6-21      100%        5
 Irradiate                Conj/Alch      17%        3d17      100%        5
 Iskenderun's Battlesphe  Conj           34%        2d9       100%        5
 Lee's Rapid Deconstruct  Erth           17%        3d10*     100%        5
 Metabolic Englaciation   Hex/Ice        17%        N/A       100%        5
 Yara's Violent Unravell  Hex/Alch       17%        3d8       100%        5
 Bombard                  Conj/Erth      17%        9d3       100%        6
 Conjure Ball Lightning   Conj/Air       17%        3x3d6     100%        6
 Death Channel            Necr           17%        N/A       100%        6
 Dispersal                Tloc           17%        N/A       100%        6
 Eringya's Noxious Bog    Alch           17%        4d6       100%        6
 Plasma Beam              Fire/Air       17%        2x1d28    100%        6
 Starburst                Conj/Fire      17%        6d6       100%        6
 Haunt                    Necr/Summ      47%        N/A       100%        7
 Orb of Destruction       Conj           17%        9d7       100%        7
 Ozocubu's Refrigeration  Ice            17%        4d11      100%        7
 Borgnjor's Revivificati  Necr           17%        N/A       100%        8
 Discord                  Hex            17%        N/A       100%        8
 Disjunction              Tloc           17%        N/A       100%        8
 Ignition                 Fire           17%        3d7       100%        8
 Lehudib's Crystal Spear  Conj/Erth      17%        10d5      100%        8
 Maxwell's Capacitive Co  Air            17%        ∞         100%        8
 Death's Door             Necr           17%        N/A       100%        9


Dungeon Overview and Level Annotations

Branches:
Dungeon (15/15)            Temple (0/1) D:6            Lair (5/5) D:8
 Shoals (4/4) Lair:2        Snake (4/4) Lair:3        Slime (5/5) Lair:4
    Orc (2/2) D:10            Elf (3/3) Orc:2        Vaults (5/5) D:14
  Crypt (3/3) Vaults:2       Tomb (0/3) Crypt:3      Depths (4/4) D:15
    Zot (1/5) Depths:4      IceCv (visited)

Altars:
Ashenzari
Cheibriados
Dithmenos
Hepliaklqana
Kikubaaqudgha
Makhleb
Okawaru
Ru
Sif Muna
Uskayaw
Xom
Yredelemnul
Zin
The Shining One

Shops:
D:3 [*((*   D:5 [*   D:7 [   Orc:2 (==[   Elf:3 ?   Shoals:2 *[*(   Snake:3 :*
Snake:4 [   Vaults:3 *

Portals:
Hell: Depths:1 Depths:2 Depths:3 Depths:4
Abyss: Depths:3
Pandemonium: Depths:2
Ziggurat: Depths:4

Annotations:
D:9 3 runed translucent doors, Tovical's ghost, journeyman TeRe
Vaults:2 4 runed translucent doors
Depths:2 2 transporters


Innate Abilities, Weirdness & Mutations

Your serpentine skin is tough. (AC +9)
You have supernaturally acute eyesight. (SInv)
Armour fits poorly on your strangely shaped body.
Your system is resistant to poisons. (rPois)
You cover ground very slowly.
You can exhale a cloud of poison.
You can use your snake-like lower body to constrict enemies.
You have a pair of small antennae on your head.
Your tail ends in a sharp venomous barb.
You are mostly covered in iridescent scales. (AC +4)
You have an unnaturally thin skeletal structure. (Dex +6, Stealth+++)
You are very agile. (Dex +8, Str/Int -2)
Your mind is very acute. (Int +8, Str/Dex -2)
You are strong-willed. (Will+)
You are somewhat resistant to both further mutation and mutation removal.
You passively map a small area around you.
You are robust. (+10% HP)
You are covered in fur. (AC +1)
Your muscles are strong. (Str +4, Int/Dex -1)
Your spells are much harder to cast, but much more powerful.
You expend magic power (3 MP) to strengthen your wands.


Message History

Unknown command.
Unknown command.
Unknown command.
You feel much better.
* * * LOW HITPOINT WARNING * * *
Your lungs strain for air!
You block the acid blob's attack.
You block the quicksilver ooze's attack. x2
The quicksilver ooze jiggles.
You block the quicksilver ooze's attack.
The quicksilver ooze hits you but does no damage.
The acid blob barely misses you. The glass eye gazes at you.
You feel your fragility will last longer.
The acid blob hits you but does no damage.
The acid blob spits acid at you.
The splash of acid hits you but does no damage.
The acid corrodes you! The acid blob spits acid at you.
The splash of acid hits you but does no damage.
The acid blob hits you but does no damage.
The quicksilver ooze hits you.
The quicksilver ooze hits you but does no damage.
The quicksilver ooze hits you.
* * * LOW HITPOINT WARNING * * *
The quicksilver ooze hits you but does no damage.
The acid blob hits you.
* * * LOW HITPOINT WARNING * * *
You are splashed with acid.
You resist.
* * * LOW HITPOINT WARNING * * *
You punch the quicksilver ooze!
The quicksilver ooze is almost dead.
* * * LOW HITPOINT WARNING * * *
Your lungs strain for air!
A rockslime comes into view.
The glass eye gazes at you.
You feel your fragility will last longer.
You block the acid blob's attack. The acid blob hits you!!
You die...
Xom titters!

.... ....##.#..# ,
....
................#,
....
,..............GJ....
....
..................J
.... *
........J......#..
...., ,,*
.....G#.#....## #
.... * *
##.GJJ#.####### *
..## #.JJJ..#* ...#
#.J@J§.# ..##
##.JJ§.# ...#
#..§§§## * ...#
##.....# #....##
......* ^ ##....# * ,
....## * *


You could see 5 acid blobs, a slime creature, a rockslime, an eye of
devastation, 3 quicksilver oozes and a glass eye.

Vanquished Creatures
  3 dread liches
  An ancient lich (Depths:3)
  Xtahua (Crypt:2)
  Sojobo (Crypt:2)
  Bai Suzhen (Vaults:3)
  Boris (Depths:4)
  Saint Roka (Snake:2)
  Vashnia (Snake:2)
  A curse toe (Crypt:3)
  3 caustic shrikes (Depths:4)
  Norris (Vaults:3)
  4 golden dragons
  The ghost of Dacon the Minotaur Blade, an adept MiGl of Gozag (Vaults:4)
  The ghost of agentgt the Warrior, a veteran KoAK of Lugonu (Vaults:2)
  Nikola (Shoals:2)
  2 bone dragons
  Jorgrun (D:14)
  Asterion (Snake:3)
  7 tentacled monstrosities
  Mlioglotl (Shoals:4)
  A deep elf blademaster (Elf:3)
  3 deep elf master archers (Elf:3)
  3 quicksilver dragons (Vaults:5)
  2 titans
  4 liches
  6 sphinxes
  13 acid blobs
  12 ancient champions
  A death cob (Depths:4)
  A tentacled starspawn (Lair:4)
  4 shadow dragons
  2 revenants
  11 nagarajas (Snake:4)
  Aizul (Snake:1)
  9 tengu reavers
  6 storm dragons
  Donald (Snake:3)
  Ilsuiw (Shoals:4)
  5 rockslimes
  4 fire giants
  5 azure jellies
  A draconian knight (Depths:4)
  A curse skull (Crypt:1)
  3 iron dragons
  2 draconian shifters (Crypt:1)
  23 vault wardens
  3 deep elf sorcerers
  A caustic shrike zombie (Crypt:3)
  2 draconian scorchers (Depths:4)
  14 frost giants
  A juggernaut zombie (Crypt:3)
  6 deep elf elementalists (Elf:3)
  A ghoul (Crypt:3)
  19 ironbound preservers
  4 draconian stormcallers
  An orc warlord (Vaults:3)
  2 reapers (Crypt:2)
  2 spriggan defenders (Depths:2)
  2 draconian annihilators
  10 quicksilver oozes
  10 very ugly things
  3 formless jellyfish
  The ghost of spaghetti the Spear-Bearer, a journeyman DsCK of Xom (D:12)
  18 stone giants
  6 ironbound thunderhulks
  14 deep elf death magi
  3 green draconians (Depths:4)
  9 deep elf demonologists (Elf:3)
  6 vampire knights
  A black draconian (Depths:4)
  3 red draconians
  12 deep elf annihilators
  5 purple draconians
  6 yellow draconians (Zot:1)
  A minotaur (Shoals:1)
  3 white draconians
  9 spark wasps
  7 war gargoyles
  7 ettins
  8 eidola
  The ghost of lordive the Grappler, a journeyman NaSh of Cheibriados (Lair:2)
  8 merfolk javelineers
  Snorg (D:11)
  5 jiangshi
  6 fire dragons
  10 merfolk impalers
  17 yaktaur captains
  2 entropy weavers
  A quicksilver dragon zombie (Crypt:3)
  5 deep elf high priests
  5 great orbs of eyes
  A salamander tyrant (Snake:2)
  3 rakshasas
  39 vault guards
  10 ice dragons
  3 peacekeepers (Vaults:3)
  2 spriggan skeletons
  6 spriggan air magi
  Fannar (Lair:1)
  6 anacondas
  2 merfolk avatars (Shoals:4)
  A sphinx zombie (Depths:3)
  A nameless horror (Slime:5)
  5 hydras
  21 ironbound frosthearts
  5 ogre magi
  2 catoblepae
  14 centaur warriors
  A spectral shadow dragon (Vaults:4)
  9 two-headed ogres
  A spectral fire giant (Vaults:4)
  4 satyrs
  An alligator snapping turtle (Shoals:3)
  23 dancing weapons
  2 death knights
  6 merfolk aquamancers
  A sphinx skeleton (Vaults:1)
  19 naga warriors
  7 tengu warriors
  A spectral stone giant (Vaults:4)
  13 death yaks
  8 boulder beetles
  6 occultists
  4 vampire magi
  An orc high priest (Elf:2)
  8 naga sharpshooters
  A titan zombie (Depths:3)
  5 shock serpents
  9 deep troll shamans
  2 deep troll earth magi (Depths:2)
  7 spriggan berserkers
  A shock serpent (shapeshifter) (Vaults:5)
  Nergalle (Orc:1)
  11 soul eaters
  26 deep elf knights
  4 iron trolls
  A fire crab (Lair:3)
  Lodul (D:12)
  24 skeletal warriors
  3 salamander mystics
  3 shadow wraiths
  5 skysharks
  A spark wasp zombie (Depths:3)
  A sea snake (shapeshifter) (D:14)
  7 mana vipers
  An anaconda zombie (Crypt:3)
  A spriggan simulacrum (Depths:2)
  4 flayed ghosts
  23 ironbound convokers
  10 sea snakes
  14 arcanists
  2 glowing orange brains
  13 phantasmal warriors
  A naga ritualist (Snake:2)
  7 necromancers
  55 deep trolls
  8 lindwurms
  12 orc knights
  9 deep elf archers
  An orange crystal statue (IceCv)
  A tengu zombie (Depths:3)
  A frost giant zombie (Crypt:3)
  36 deep elf zephyrmancers
  28 deep elf pyromancers
  41 ugly things
  14 cyclopes
  12 harpies
  A stone giant zombie (Crypt:3)
  4 orc sorcerers
  13 manticores
  6 shining eyes
  11 salamanders
  Joseph (D:8)
  A meliai (shapeshifter) (D:12)
  8 fauns
  3 meliai (Shoals:1)
  A moth of wrath (shapeshifter) (Depths:2)
  2 ice statues (Shoals:3)
  42 black mambas
  5 elephants
  2 moths of wrath (Zot:1)
  7 eyes of devastation
  A kobold blastminer (Orc:2)
  13 naga magi
  10 merfolk sirens
  An alligator snapping turtle zombie (Crypt:2)
  5 gargoyles
  6 guardian serpents
  A water nymph (shapeshifter) (Vaults:5)
  A spectral elf (Vaults:4)
  17 vault sentinels
  2 water nymphs
  A torpor snail (Lair:2)
  Maggie (D:6)
  A storm dragon simulacrum (Vaults:4)
  3 kobold demonologists
  A yellow draconian zombie (Crypt:2)
  A sea snake zombie (Crypt:3)
  2 unseen horrors
  An unseen horror zombie (Crypt:1)
  9 cane toads
  12 komodo dragons
  A bunyip simulacrum (Crypt:3)
  8 rime drakes
  A komodo dragon (shapeshifter) (Elf:2)
  21 yaktaurs
  7 tengu conjurers
  An efreet (D:14)
  4 guardian mummies (Crypt:3)
  A purple draconian skeleton (Crypt:1)
  A spectral glowing shapeshifter (Vaults:4)
  A freezing wraith (Crypt:1)
  9 trolls
  A redback zombie (Crypt:2)
  A silent spectre (Crypt:1)
  A black draconian skeleton (Crypt:1)
  26 merfolk
  A troll (shapeshifter) (D:14)
  A merfolk (shapeshifter) (Vaults:5)
  16 polar bears
  A shadow dragon simulacrum (Crypt:3)
  A tyrant leech (D:12)
  5 wind drakes
  6 saltlings (Orc:2)
  A polar bear (shapeshifter) (D:14)
  19 blink frogs
  4 glass eyes
  7 snapping turtles
  16 dream sheep
  A frost giant simulacrum (Vaults:1)
  A stone giant simulacrum (Vaults:4)
  A snapping turtle (shapeshifter) (D:15)
  A jumping spider (Vaults:1)
  76 slime creatures
  A culicivora zombie (Crypt:3)
  Sigmund (D:2)
  A dire elephant simulacrum (Crypt:3)
  11 wraiths
  An ettin skeleton (Crypt:3)
  4 air elementals (Elf:2)
  4 shadows
  6 vampires
  4 wyverns
  3 wargs
  3 basilisks
  5 fire elementals
  13 water elementals
  A human (Lair:4)
  3 golden eyes (Slime:1)
  30 yaks
  7 vampire mosquitoes (D:12)
  2 steam dragons (D:8)
  A redback (Vaults:3)
  39 nagas
  A swamp worm (shapeshifter) (Depths:4)
  A glowing shapeshifter zombie (Crypt:3)
  2 acid dragons
  10 water moccasins
  A water nymph zombie (Crypt:1)
  A glowing shapeshifter skeleton (Depths:2)
  A lindwurm zombie (Crypt:3)
  2 ice beasts
  5 black bears
  12 laughing skulls
  A black bear (shapeshifter) (Vaults:4)
  27 orc warriors
  A crocodile (shapeshifter) (D:13)
  6 human skeletons
  22 wolves (Lair:5)
  A wolf (shapeshifter) (D:14)
  13 ogres
  2 centaurs
  2 kobold brigands
  12 bullfrogs
  3 gnoll sergeants
  A salamander skeleton (Crypt:1)
  2 scorpions
  2 earth elementals
  A glowing shapeshifter simulacrum (Depths:2)
  A warg skeleton (Crypt:1)
  3 wights (D:9)
  A human simulacrum (Vaults:4)
  5 killer bees (D:5)
  2 howler monkeys
  2 electric eels (Lair:2)
  2 lava snakes (Lair:3)
  3 bombardier beetles
  9 jellies
  6 hounds
  2 human zombies
  A bullfrog skeleton (Crypt:2)
  14 orc priests
  A sleepcap (D:8)
  4 iguanas
  Ijyb (D:6)
  23 orc wizards
  An acid dragon zombie (Crypt:2)
  An acid dragon skeleton (Crypt:2)
  5 mummies (Crypt:1)
  Robin (D:4)
  7 adders
  15 gnolls
  A howler monkey skeleton (Crypt:1)
  A shadow imp (D:8)
  3 white imps
  A jelly zombie (Crypt:3)
  A lava snake zombie (Crypt:3)
  An adder zombie (Crypt:1)
  A lava snake skeleton (Crypt:3)
  A dart slug (D:2)
  4 ribbon worms
  76 orcs
  9 bats
  6 endoplasms
  5 giant cockroaches
  9 goblins
  13 hobgoblins
  3 jackals (D:4)
  9 kobolds
  2 quokkas
  8 ball pythons
  4 frilled lizards
  2 jackal skeletons
  A kobold zombie (Crypt:2)
  2 rats (D:2)
2047 creatures vanquished.

Vanquished Creatures (collateral kills)
  the Royal Jelly (Slime:5)
  Vv (Crypt:2)
  3 acid blobs (Slime:5)
  3 azure jellies (Slime:5)
  A tengu reaver (Crypt:2)
  2 rockslimes (Slime:5)
  A revenant (Crypt:2)
  A nameless horror (Slime:5)
  4 quicksilver oozes (Slime:5)
  2 deep elf death magi
  A yaktaur captain (Vaults:5)
  A vault guard (Vaults:4)
  A catoblepas (D:14)
  A naga warrior (Snake:2)
  A two-headed ogre (D:14)
  An orc high priest (Orc:2)
  A glowing orange brain (Slime:5)
  A deep elf zephyrmancer (Orc:2)
  An orc sorcerer (Orc:2)
  A salamander (Snake:2)
  A meliai (Shoals:1)
  2 dream sheep (Shoals:3)
  A glass eye (Slime:5)
  2 slime creatures (Slime:5)
  An orc (D:7)
36 creatures vanquished.

Vanquished Creatures (others)
  A lich (Crypt:3)
  An eldritch tentacle (Shoals:4)
  A frost giant (IceCv)
  A vault guard (Vaults:2)
  A deep elf high priest (Elf:3)
  A peacekeeper (Vaults:2)
  3 dancing weapons
  A death yak (Lair:2)
  A naga sharpshooter (Snake:4)
  2 deep elf knights
  An arcanist (Vaults:2)
  A deep elf zephyrmancer (Elf:3)
  3 harpies (Shoals:2)
  A deep elf pyromancer (Elf:3)
  A faun (Shoals:2)
  A merfolk siren (Shoals:2)
  A yaktaur (Vaults:2)
  A polar bear (IceCv)
  A water elemental (Elf:3)
  5 yaks (Lair:2)
  A human (Crypt:1)
  An ogre (Vaults:5)
  A glowing shapeshifter simulacrum (Vaults:4)
  A jelly (Zot:1)
  A dart slug (D:2)
  2 orcs
  A kobold (D:2)
  3 starspawn tentacles (Lair:4)
40 creatures vanquished.

Grand Total: 2123 creatures vanquished

Notes
Turn   | Place    | Note
-------+----------+-------------------------------------------
     0 | D:1      | spaghetti the Naga Chaos Knight began the quest for the
                  | Orb.
     0 | D:1      | Reached XP level 1. HP: 21/21 MP: 1/1
    24 | D:1      | XOM: silly message
    27 | D:1      | Reached skill level 1 in Stealth
   162 | D:1      | Reached XP level 2. HP: 28/28 MP: 2/2
   460 | D:1      | XOM: cast spell 'Fugue of the Fallen'
   575 | D:1      | Reached XP level 3. HP: 34/34 MP: 3/3
   716 | D:2      | Noticed Sigmund
   721 | D:2      | XOM: scenery: 1 doors open
   733 | D:2      | Killed Sigmund
   734 | D:2      | Reached XP level 4. HP: 14/42 MP: 4/4
   734 | D:2      | Reached XP level 5. HP: 16/49 MP: 5/5
  1097 | D:2      | XOM: destruction
  1123 | D:2      | XOM: give mutations
  1123 | D:2      | Gained mutation: You are partially covered in iridescent
                  | scales. (AC +2) [Xom's grace]
  1123 | D:2      | Gained mutation: You have sharp fingernails. [Xom's grace]
  1123 | D:2      | Gained mutation: Your tail ends in a venomous barb. [Xom's
                  | grace]
  1123 | D:2      | Gained mutation: You have very sharp fingernails. [Xom's
                  | grace]
  1417 | D:2      | Found a faded altar of an unknown god.
  1659 | D:3      | Found Faedonn's Antique Weapon Shoppe.
  1676 | D:3      | Reached skill level 1 in Unarmed Combat
  1695 | D:3      | Found Piasa's Weapon Boutique.
  1734 | D:3      | Reached XP level 6. HP: 42/56 MP: 6/6
  1861 | D:3      | Reached skill level 2 in Unarmed Combat
  1908 | D:3      | XOM is BORED!
  1908 | D:3      | XOM: draining
  1988 | D:3      | Found Zyuch's Antique Armour Shop.
  1996 | D:3      | Found Innianat's General Store.
  2190 | D:3      | Found an iron altar of Okawaru.
  2263 | D:3      | Found Foenitom's Assorted Antiques.
  2287 | D:3      | XOM: give mutations
  2287 | D:3      | Gained mutation: Your spells are a little harder to cast,
                  | but a little more powerful. [Xom's grace]
  2287 | D:3      | Gained mutation: You are agile. (Dex +4, Str/Int -1) [Xom's
                  | grace]
  2287 | D:3      | Gained mutation: Your tail ends in a sharp venomous barb.
                  | [Xom's grace]
  2299 | D:3      | XOM: give mutations
  2299 | D:3      | Gained mutation: Your natural rate of healing is unusually
                  | fast. [Xom's grace]
  2299 | D:3      | Gained mutation: Your muscles are strong. (Str +4, Int/Dex
                  | -1) [Xom's grace]
  2361 | D:4      | Reached skill level 3 in Unarmed Combat
  2443 | D:4      | XOM: 6-stop teleportation journey
  2465 | D:4      | Reached skill level 4 in Unarmed Combat
  2465 | D:4      | Reached XP level 7. HP: 57/62 MP: 7/7
  2783 | D:4      | Reached skill level 5 in Unarmed Combat
  2871 | D:4      | Noticed Robin
  2888 | D:4      | Killed Robin
  2932 | D:4      | XOM: divination: detect items
  2952 | D:4      | XOM: cloud trail
  3018 | D:5      | Entered Level 5 of the Dungeon
  3089 | D:4      | XOM: cloud trail
  3097 | D:5      | Reached skill level 6 in Unarmed Combat
  3131 | D:5      | Found Zin's Purification Station.
  3135 | D:5      | Found a glowing silver altar of Zin.
  3143 | D:5      | XOM: stat loss: -1 Int (15/16)
  3162 | D:5      | XOM: destruction
  3211 | D:5      | XOM: cleaving
  3214 | D:5      | Reached XP level 8. HP: 42/69 MP: 8/8
  3223 | D:5      | Reached skill level 7 in Unarmed Combat
  3269 | D:5      | XOM: god gift: ring mail {god gift}
  3341 | D:5      | Noticed a wyvern
  3351 | D:5      | Killed a wyvern
  3400 | D:5      | XOM: scenery: summon butterflies
  3479 | D:5      | Noticed Ijyb
  3575 | D:5      | XOM: 2-stop teleportation journey
  3610 | D:5      | Noticed a wyvern
  3617 | D:5      | Killed a wyvern
  3618 | D:5      | Reached skill level 8 in Unarmed Combat
  3650 | D:5      | Found Ygoud's Armour Shoppe.
  3672 | D:5      | XOM: fog
  3760 | D:5      | XOM: god gift: 781 gold pieces
  3790 | D:6      | Killed Ijyb
  3914 | D:6      | Found a broken altar of Ashenzari.
  3918 | D:6      | Saw a vision of the Shoals and the Snake Pit.
  3918 | D:6      | Noticed a merfolk siren
  3918 | D:6      | Noticed a merfolk aquamancer
  3918 | D:6      | Noticed a manticore
  3918 | D:6      | Noticed a water nymph
  3918 | D:6      | Noticed a naga sharpshooter
  3918 | D:6      | Noticed a mana viper
  3918 | D:6      | Noticed a naga warrior
  3918 | D:6      | Noticed a naga mage
  3918 | D:6      | Noticed a black mamba
  3918 | D:6      | Noticed a black mamba
  3918 | D:6      | Noticed a naga mage
  3918 | D:6      | Noticed a naga warrior
  3918 | D:6      | Noticed a naga mage
  3918 | D:6      | Noticed a black mamba
  3918 | D:6      | Noticed a black mamba
  3918 | D:6      | Noticed a black mamba
  3919 | D:6      | Noticed a black mamba
  3920 | D:6      | Noticed a harpy
  3921 | D:6      | Noticed a merfolk aquamancer
  3921 | D:6      | Noticed a snapping turtle
  4079 | D:6      | XOM: enchant monster (good)
  4098 | D:5      | XOM: scenery: create altars
  4104 | D:6      | Reached skill level 9 in Unarmed Combat
  4195 | D:6      | XOM: 2-stop teleportation journey
  4257 | D:6      | XOM: scenery: create altars
  4345 | D:6      | Noticed Maggie
  4364 | D:6      | XOM: fog
  4388 | D:6      | Killed Maggie
  4389 | D:6      | Reached skill level 10 in Unarmed Combat
  4389 | D:6      | Reached XP level 9. HP: 27/75 MP: 9/9
  4553 | D:6      | Found a staircase to the Ecumenical Temple.
  4961 | D:7      | XOM: god gift: 6 stones
  4962 | D:7      | XOM: god gift: staff of alchemy
  4964 | D:7      | XOM: confuse monster(s)
  4993 | D:7      | Found a hazy altar of Hepliaklqana.
  5025 | D:7      | XOM: scenery: create altars
  5046 | D:7      | XOM: summons friendly white imp
  5169 | D:7      | XOM: 2-stop teleportation journey
  5195 | D:7      | Found a snail-covered altar of Cheibriados.
  5195 | D:7      | Found Cheibriados's Comfort Zone.
  5201 | D:7      | Bought the +10 Black Knight's barding {ponderous, rPois
                  | rN+} for 760 gold pieces
  5201 | D:7      | Found the +10 Black Knight's barding {ponderous, rPois rN+}
  5474 | D:8      | XOM: give mutations
  5474 | D:8      | Gained mutation: You expend magic power (3 MP) to
                  | strengthen your wands. [Xom's grace]
  5474 | D:8      | Gained mutation: Your movements are slightly less
                  | encumbered by armour. (ER -2) [Xom's grace]
  5474 | D:8      | Gained mutation: Your tail ends in a wickedly sharp and
                  | venomous barb. [Xom's grace]
  5474 | D:8      | Gained mutation: You possess an exceptional clarity of
                  | mind. [Xom's grace]
  5483 | D:8      | XOM: god gift: +1 barding of fire resistance
  5565 | D:8      | Reached skill level 5 in Fighting
  5579 | D:8      | Reached skill level 11 in Unarmed Combat
  5625 | D:8      | Reached XP level 10. HP: 84/88 MP: 10/10
  5684 | D:8      | Reached skill level 1 in Dodging
  5818 | D:8      | Noticed Joseph
  5837 | D:8      | Killed Joseph
  5886 | D:8      | Found a sacrificial altar of Ru.
  5933 | D:8      | Found a staircase to the Lair.
  6026 | D:8      | XOM: destruction
  6194 | D:9      | XOM: give mutations
  6194 | D:9      | Lost mutation: Your muscles are strong. (Str +4, Int/Dex
                  | -1) [Xom's mischief]
  6194 | D:9      | Lost mutation: You possess an exceptional clarity of mind.
                  | [Xom's mischief]
  6194 | D:9      | Lost mutation: Your tail ends in a wickedly sharp and
                  | venomous barb. [Xom's mischief]
  6194 | D:9      | Lost mutation: You are agile. (Dex +4, Str/Int -1) [Xom's
                  | mischief]
  6248 | D:9      | Found a runed translucent gate.
  6260 | D:9      | Found a runed translucent gate.
  6263 | D:9      | Found a runed translucent gate.
  6359 | D:9      | XOM: scenery: summon butterflies
  6418 | D:9      | Noticed Tovical's ghost (journeyman TeRe)
  6500 | D:9      | Found a glowing golden altar of the Shining One.
  6549 | D:9      | XOM: summons 6 hostile demons
  6606 | D:9      | XOM: draining
  6724 | D:10     | Entered Level 10 of the Dungeon
  6734 | D:10     | XOM: summons 3 hostile demons
  6741 | D:10     | XOM: cast spell 'Olgreb's Toxic Radiance'
  6743 | D:10     | XOM: noise
  6775 | D:10     | Paralysed by a gnoll for 2 turns
  6779 | D:10     | XOM: cast spell 'Cause Fear'
  6913 | D:10     | Found a staircase to the Orcish Mines.
  7014 | D:10     | Found a burning altar of Makhleb.
  7089 | D:10     | XOM: noise
  7249 | D:11     | Noticed an unseen horror
  7255 | D:11     | XOM: potion effect (might)
  7258 | D:11     | Noticed a gargoyle
  7261 | D:11     | Killed an unseen horror
  7273 | D:11     | Killed a gargoyle
  7273 | D:11     | XOM: enchant monster (bad)
  7274 | D:11     | Reached skill level 5 in Armour
  7274 | D:11     | Reached skill level 12 in Unarmed Combat
  7274 | D:11     | Reached XP level 11. HP: 85/100 MP: 11/11
  7299 | D:11     | Noticed Snorg
  7314 | D:11     | Killed Snorg
  7446 | D:11     | Noticed a two-headed ogre
  7451 | D:11     | XOM: summons 3 friendly demons
  7458 | D:11     | Killed a two-headed ogre
  7490 | D:11     | Noticed a manticore
  7490 | D:11     | Noticed a boulder beetle
  7490 | D:11     | Noticed a cyclops
  7491 | D:11     | XOM: enchant monster (good)
  7493 | D:11     | XOM: divination: detect items
  7496 | D:11     | Killed a cyclops
  7496 | D:11     | XOM: divination: detect items
  7507 | D:11     | Noticed a cyclops
  7507 | D:11     | Killed a manticore
  7507 | D:11     | XOM: potion effect (heal wounds)
  7519 | D:11     | XOM: silly message
  7522 | D:11     | Killed a boulder beetle
  7527 | D:11     | Killed a cyclops
  7533 | D:11     | XOM: summons 3 friendly demons
  7649 | D:11     | Noticed a boulder beetle
  7690 | D:11     | Killed a boulder beetle
  7691 | D:11     | Reached skill level 5 in Dodging
  7691 | D:11     | Noticed a skeletal warrior
  7711 | D:11     | Killed a skeletal warrior
  7752 | D:11     | XOM: silly message
  7793 | D:11     | XOM: god gift: scroll of summoning
  7930 | D:12     | XOM: confuse monster(s)
  7941 | D:12     | Reached XP level 12. HP: 111/112 MP: 12/12
  8122 | D:12     | Reached skill level 13 in Unarmed Combat
  8222 | D:12     | Noticed Lodul
  8243 | D:12     | Killed Lodul
  8412 | D:12     | Found a runed translucent door.
  8412 | D:12     | Noticed spaghetti's ghost (journeyman DsCK)
  8697 | D:12     | Found the +8 Vampire's Tooth {megavamp}
  9051 | D:13     | Noticed an ogre mage
  9051 | D:13     | Noticed a two-headed ogre
  9053 | D:13     | Noticed a two-headed ogre
  9053 | D:13     | Noticed a two-headed ogre
  9053 | D:13     | Noticed a two-headed ogre
  9059 | D:13     | XOM: summons friendly white imp
  9062 | D:14     | Noticed a catoblepas
  9067 | D:14     | Killed a two-headed ogre
  9085 | D:14     | Killed a catoblepas
  9086 | D:14     | Killed a two-headed ogre
  9089 | D:14     | Killed an ogre mage
  9168 | D:13     | Noticed a centaur warrior
  9178 | D:13     | Noticed a two-headed ogre
  9179 | D:13     | Killed a centaur warrior
  9189 | D:13     | Killed a two-headed ogre
  9239 | D:13     | Found a shadowy altar of Dithmenos.
  9250 | D:13     | XOM: 1-stop teleportation journey
  9287 | D:13     | Noticed a catoblepas
  9291 | D:13     | Killed a two-headed ogre
  9292 | D:13     | Reached skill level 10 in Fighting
  9295 | D:13     | Noticed a centaur warrior
  9295 | D:13     | XOM: 1-stop teleportation journey
  9304 | D:13     | XOM: enchant monster (bad)
  9308 | D:13     | Killed a centaur warrior
  9331 | D:13     | Identified the +1 robe of Inaction {*Slow rN+++ Int-2
                  | Archmagi}
  9383 | D:13     | Killed a two-headed ogre
  9384 | D:13     | Gained mutation: You can use your snake-like lower body to
                  | constrict enemies. [Naga growth]
  9384 | D:13     | Reached XP level 13. HP: 123/123 MP: 13/13
  9660 | D:13     | XOM: confusion
  9923 | D:14     | Reached skill level 14 in Unarmed Combat
  9947 | D:14     | XOM: cast spell 'Monstrous Menagerie'
  9987 | D:14     | XOM: noise
 10080 | D:14     | Noticed a rakshasa
 10097 | D:14     | Killed a rakshasa
 10148 | D:14     | Noticed Jorgrun
 10158 | D:14     | XOM: stat loss: -1 Dex (11/12)
 10165 | D:14     | Killed Jorgrun
 10262 | D:14     | Found a gate to the Vaults.
 10331 | D:14     | XOM: summons friendly shadow imp
 10340 | D:14     | Identified the +6 tower shield "Xurege" {+Blink}
 10340 | D:14     | Noticed Louise
 10348 | D:14     | Louise changed into Louise the eye of devastation
 10348 | D:14     | Noticed Louise
 10348 | D:14     | XOM: polymorph Louise -> Louise the eye of devastation
 10466 | D:14     | Killed Louise the eye of devastation
 10608 | D:15     | Entered Level 15 of the Dungeon
 10629 | D:15     | XOM: polymorph six-headed hydra -> shapeshifter
 10678 | D:15     | Reached skill level 1 in Shields
 10957 | D:11     | XOM: give mutations
 10957 | D:11     | Gained mutation: You occasionally shout uncontrollably at
                  | your foes. [Xom's mischief]
 10957 | D:11     | Gained mutation: You sometimes lose your temper in combat.
                  | [Xom's mischief]
 11012 | Lair:1   | Entered Level 1 of the Lair of Beasts
 11032 | Lair:1   | Found a gate leading to a gauntlet.
 11070 | Lair:1   | XOM: swap monsters
 11177 | Lair:1   | Reached XP level 14. HP: 132/135 MP: 14/14
 11250 | Lair:1   | Noticed Fannar
 11254 | Lair:1   | XOM: draining
 11259 | Lair:1   | Killed Fannar
 11363 | Lair:1   | XOM: confusion (+ monsters)
 11416 | Lair:1   | XOM: stat loss: -1 Dex (11/12)
 12206 | Lair:2   | XOM: 1-stop teleportation journey
 12222 | Lair:2   | XOM: 2-stop teleportation journey
 12326 | Lair:2   | XOM: divine lightning
 12333 | Lair:2   | XOM: divine lightning
 12369 | Lair:1   | XOM: give mutations
 12369 | Lair:1   | Lost mutation: Your movements are slightly less encumbered
                  | by armour. (ER -2) [Xom's mischief]
 12369 | Lair:1   | Gained mutation: Your flesh is cold resistant. (rC+) [Xom's
                  | mischief]
 12369 | Lair:1   | Gained mutation: You have a pair of small horns on your
                  | head. [Xom's mischief]
 12369 | Lair:1   | Gained mutation: You can exhale a cloud of poison. [Xom's
                  | mischief]
 12442 | Lair:2   | XOM: confuse monster(s)
 12476 | Lair:2   | Found a staircase to the Shoals.
 12483 | Lair:2   | XOM: summons friendly shadow imp
 12513 | Lair:2   | XOM: silly message
 12530 | Lair:2   | Found a runed translucent gate.
 12531 | Lair:2   | Found a runed translucent gate.
 12532 | Lair:2   | Found a runed translucent gate.
 12533 | Lair:2   | Noticed lordive's ghost (journeyman NaSh)
 12671 | Lair:2   | XOM: draining
 12687 | Lair:2   | Reached skill level 5 in Shields
 12687 | Lair:2   | Reached skill level 15 in Unarmed Combat
 12717 | Lair:2   | XOM: give mutation
 12717 | Lair:2   | Gained mutation: Your body sometimes deteriorates upon
                  | taking damage. [Xom's mischief]
 12779 | Lair:2   | XOM: torment (75/134 hp)
 13005 | Lair:3   | XOM: polymorph cane toad -> cyclops
 13097 | Lair:3   | XOM: destruction
 13283 | Lair:3   | XOM: 1-stop teleportation journey
 13346 | Lair:3   | XOM: silly message
 13468 | Lair:3   | XOM: summons 8 hostile demons
 13626 | Lair:3   | Found a staircase to the Snake Pit.
 13634 | Lair:3   | XOM: polymorph lava snake -> bat
 13763 | Lair:3   | XOM: divination: detect creatures
 14014 | Lair:4   | XOM: noise
 14049 | Lair:4   | XOM: divination: detect creatures
 14050 | Lair:4   | XOM: potion effect (might)
 14051 | Lair:4   | XOM: noise
 14076 | Lair:4   | Found a staircase to the Slime Pits.
 14195 | Lair:4   | XOM: enchant monster (good)
 14664 | Lair:4   | Found a runed translucent door.
 14671 | Lair:4   | Noticed a tentacled starspawn
 14677 | Lair:4   | XOM: confusion
 14684 | Lair:4   | Killed a tentacled starspawn
 14710 | Lair:4   | XOM: stat loss: -1 Int (17/18)
 14720 | Lair:5   | Entered Level 5 of the Lair of Beasts
 14740 | Lair:5   | Reached XP level 15. HP: 142/146 MP: 15/15
 14774 | Lair:5   | Reached skill level 10 in Armour
 14923 | Lair:5   | XOM: confusion (+ monsters)
 14925 | Lair:5   | XOM: swap monsters
 15068 | Lair:5   | XOM: give mutations
 15068 | Lair:5   | Lost mutation: You occasionally shout uncontrollably at
                  | your foes. [Xom's mischief]
 15068 | Lair:5   | Lost mutation: You have very sharp fingernails. [Xom's
                  | mischief]
 15068 | Lair:5   | Lost mutation: You have sharp fingernails. [Xom's mischief]
 15080 | Lair:5   | XOM: silly message
 15151 | Lair:5   | XOM: give mutation
 15151 | Lair:5   | Lost mutation: You can exhale a cloud of poison. [Xom's
                  | mischief]
 15161 | Lair:5   | Identified the blade talisman of Vlad {rF+ rC++ Str-5}
 15206 | Lair:5   | XOM: give mutations
 15206 | Lair:5   | Lost mutation: You are partially covered in iridescent
                  | scales. (AC +2) [Xom's mischief]
 15206 | Lair:5   | Lost mutation: You sometimes lose your temper in combat.
                  | [Xom's mischief]
 15206 | Lair:5   | Lost mutation: Your spells are a little harder to cast, but
                  | a little more powerful. [Xom's mischief]
 15206 | Lair:5   | Gained mutation: You are somewhat resistant to further
                  | mutation. [Xom's mischief]
 15463 | Lair:5   | XOM: confusion (+ monsters)
 15464 | Lair:5   | XOM: noise
 15468 | Lair:5   | XOM: noise
 15485 | Lair:5   | XOM: chaos cloud
 15516 | Lair:5   | Identified the ring "Evvogg" {rPois Int+8 Dex+2 Slay+4}
 15519 | Lair:5   | Got the Spellbook of Enchanting Tephra
 15898 | Orc:1    | Entered Level 1 of the Orcish Mines
 15924 | Orc:1    | XOM: 1-stop teleportation journey
 15927 | Orc:1    | Noticed Nergalle
 15928 | Orc:1    | XOM: scenery: create altars
 15933 | Orc:1    | XOM: blink monster(s)
 15942 | Orc:1    | Killed Nergalle
 15948 | Orc:1    | XOM: blink monster(s)
 16298 | Orc:1    | XOM: give mutation
 16298 | Orc:1    | Lost mutation: You are somewhat resistant to further
                  | mutation. [Xom's mischief]
 16358 | Orc:2    | Entered Level 2 of the Orcish Mines
 16375 | Orc:2    | XOM: confusion
 16436 | Orc:1    | XOM: torment (82/146 hp)
 16585 | Orc:2    | XOM: chaos cloud
 16589 | Orc:2    | Paralysed by you for 1 turns
 16837 | Orc:2    | Found a staircase to the Elven Halls.
 16904 | Orc:2    | XOM: 3-stop teleportation journey
 16983 | Orc:2    | XOM: stat loss: -1 Int (19/20)
 16997 | Orc:2    | XOM: summons 6 hostile demons
 17000 | Orc:2    | Reached skill level 16 in Unarmed Combat
 17001 | Orc:2    | XOM: blink monster(s)
 17010 | Orc:2    | Gained mutation: You have a pair of horns on your head. [a
                  | neqoxec]
 17047 | Orc:2    | XOM: 3-stop teleportation journey
 17245 | Orc:2    | Found Buos's Antique Armour Emporium.
 17294 | Orc:2    | XOM: summons 5 friendly demons
 17368 | Orc:2    | Found Uratwem's Jewellery Boutique.
 17370 | Orc:2    | Found Lobeunn's Jewellery Boutique.
 17390 | Orc:2    | Found Nallyud's Antique Weapon Shop.
 17669 | D:15     | Found a staircase to the Depths.
 17671 | D:15     | XOM: chaos cloud
 17683 | D:15     | Reached XP level 16. HP: 146/157 MP: 16/16
 17832 | D:15     | XOM: fog
 17845 | D:15     | XOM: potion effect (berserk rage)
 17847 | D:15     | XOM: enchant monster (good)
 18066 | D:15     | XOM: scenery: 1 doors close
 18085 | D:15     | XOM: god gift: scarf of repulsion
 18110 | D:15     | XOM: god gift: potion of might
 18357 | Snake:1  | Entered Level 1 of the Snake Pit
 18368 | Snake:1  | Reached skill level 10 in Shields
 18395 | Snake:1  | Identified the serpent talisman of Tomorrow {Str+2 Int+2}
 18395 | Snake:1  | Noticed Aizul
 18405 | Snake:1  | Killed Aizul
 18494 | Snake:1  | XOM: silly message
 18526 | Snake:1  | XOM: enchant monster (bad)
 18604 | Snake:1  | XOM is BORED!
 18604 | Snake:1  | XOM: enchant monster (bad)
 18612 | Snake:1  | XOM: cast spell 'Metabolic Englaciation'
 18742 | Snake:1  | XOM: enchant monster (bad)
 18756 | Snake:1  | Found an ancient bone altar of Kikubaaqudgha.
 18828 | Snake:1  | XOM: potion effect (berserk rage)
 19186 | Snake:2  | Noticed Saint Roka
 19189 | Snake:2  | XOM: summons friendly quasit
 19288 | Snake:2  | XOM: noise
 19311 | Snake:2  | XOM: potion effect (curing)
 19375 | Snake:2  | XOM: summons friendly white imp
 19385 | Snake:2  | Killed Saint Roka
 19734 | Snake:2  | XOM: potion effect (heal wounds)
 19739 | Snake:2  | Lost mutation: Your natural rate of healing is unusually
                  | fast. [potion of mutation]
 19739 | Snake:2  | Lost mutation: Your body sometimes deteriorates upon taking
                  | damage. [potion of mutation]
 19739 | Snake:2  | Lost mutation: You have a pair of horns on your head.
                  | [potion of mutation]
 19739 | Snake:2  | Gained mutation: You have a pair of horns on your head.
                  | [potion of mutation]
 19739 | Snake:2  | Lost mutation: Your flesh is cold resistant. (rC+) [potion
                  | of mutation]
 19739 | Snake:2  | Gained mutation: You have hidden genetic potential. [potion
                  | of mutation]
 19875 | Snake:2  | Lost mutation: You have hidden genetic potential. [potion
                  | of mutation]
 19875 | Snake:2  | Lost mutation: You have a pair of horns on your head.
                  | [potion of mutation]
 19875 | Snake:2  | Lost mutation: You have a pair of small horns on your head.
                  | [potion of mutation]
 19875 | Snake:2  | Gained mutation: Your body sometimes deteriorates upon
                  | taking damage. [potion of mutation]
 19875 | Snake:2  | Gained mutation: You can exhale a cloud of poison. [potion
                  | of mutation]
 19875 | Snake:2  | Gained mutation: Your spells are a little harder to cast,
                  | but a little more powerful. [potion of mutation]
 19891 | Snake:2  | Lost mutation: Your body sometimes deteriorates upon taking
                  | damage. [potion of mutation]
 19891 | Snake:2  | Lost mutation: Your tail ends in a sharp venomous barb.
                  | [potion of mutation]
 19891 | Snake:2  | Lost mutation: You expend magic power (3 MP) to strengthen
                  | your wands. [potion of mutation]
 19891 | Snake:2  | Gained mutation: You are clumsy. (Dex -2) [potion of
                  | mutation]
 19891 | Snake:2  | Lost mutation: You are clumsy. (Dex -2) [potion of
                  | mutation]
 19891 | Snake:2  | Lost mutation: Your spells are a little harder to cast, but
                  | a little more powerful. [potion of mutation]
 19892 | Snake:2  | Lost mutation: You can exhale a cloud of poison. [potion of
                  | mutation]
 19892 | Snake:2  | Lost mutation: Your tail ends in a venomous barb. [potion
                  | of mutation]
 19892 | Snake:2  | Gained mutation: You are weak. (Str -2) [potion of
                  | mutation]
 19892 | Snake:2  | Gained mutation: Your flesh is cold resistant. (rC+)
                  | [potion of mutation]
 19893 | Snake:2  | Lost mutation: You are weak. (Str -2) [potion of mutation]
 19893 | Snake:2  | Lost mutation: Your flesh is cold resistant. (rC+) [potion
                  | of mutation]
 19893 | Snake:2  | Gained mutation: You have hidden genetic defects. [potion
                  | of mutation]
 19893 | Snake:2  | Gained mutation: You are robust. (+10% HP) [potion of
                  | mutation]
 19899 | Snake:2  | Noticed Vashnia
 19924 | Snake:2  | XOM: confuse monster(s)
 19930 | Snake:2  | XOM: summons 3 friendly demons
 19935 | Snake:2  | Killed Vashnia
 19935 | Snake:2  | XOM: scenery: summon butterflies
 19942 | Snake:2  | XOM: summons 3 friendly demons
 19970 | Snake:2  | XOM: 1-stop teleportation journey
 20410 | Snake:2  | XOM: fog
 20419 | Snake:2  | Reached XP level 17. HP: 175/182 MP: 17/17
 20757 | Snake:2  | XOM: summons 2 friendly demons
 20762 | Snake:2  | XOM: confuse monster(s)
 20788 | Snake:2  | Gained mutation: You occasionally lose the ability to read
                  | scrolls when taking damage. [hidden defects]
 21345 | Snake:2  | XOM: noise
 21359 | Snake:2  | XOM: draining
 21961 | D:11     | XOM: give mutations
 21961 | D:11     | Gained mutation: You are dopey. (Int -2) [Xom's mischief]
 21961 | D:11     | Gained mutation: Your tail ends in a venomous barb. [Xom's
                  | mischief]
 21961 | D:11     | Lost mutation: Your tail ends in a venomous barb. [Xom's
                  | mischief]
 22047 | D:12     | Killed spaghetti's ghost
 22123 | D:12     | XOM: give mutations
 22123 | D:12     | Gained mutation: You have a somewhat thin skeletal
                  | structure. (Dex +2, Stealth+) [Xom's mischief]
 22123 | D:12     | Lost mutation: You are robust. (+10% HP) [Xom's mischief]
 22250 | Shoals:1 | Entered Level 1 of the Shoals
 22304 | Shoals:1 | XOM: confuse monster(s)
 22316 | Shoals:1 | Reached skill level 17 in Unarmed Combat
 22327 | Shoals:1 | XOM: potion effect (curing)
 22399 | Shoals:1 | XOM: potion effect (attraction)
 22406 | Shoals:1 | XOM: divination: magic mapping
 22413 | Shoals:1 | XOM: summons 14 friendly demons
 22587 | Shoals:1 | XOM: scenery: summon butterflies
 22598 | Shoals:1 | XOM: give mutations
 22598 | Shoals:1 | Gained mutation: You have a pair of small antennae on your
                  | head. [Xom's grace]
 22598 | Shoals:1 | Gained mutation: You are strong-willed. (Will+) [Xom's
                  | grace]
 22598 | Shoals:1 | Gained mutation: You are agile. (Dex +4, Str/Int -1) [Xom's
                  | grace]
 22818 | Shoals:1 | XOM: cloud trail
 22845 | Shoals:1 | XOM: scenery: summon butterflies
 23010 | Shoals:1 | Found a hide-covered altar of Uskayaw.
 23062 | Shoals:1 | XOM: potion effect (haste)
 23103 | Shoals:1 | Identified the +1 longbow of the Forest {antimagic, rElec
                  | rN+}
 23281 | Shoals:1 | Lost mutation: You are agile. (Dex +4, Str/Int -1) [hidden
                  | defects]
 23281 | Shoals:1 | Lost mutation: You have hidden genetic defects. [hidden
                  | defects expressed]
 23409 | Shoals:2 | XOM: summons friendly shadow imp
 23414 | Shoals:2 | XOM: cast spell 'Olgreb's Toxic Radiance'
 23427 | Shoals:2 | XOM: divination: magic mapping
 23699 | Shoals:2 | Reached XP level 18. HP: 160/176 MP: 18/18
 23700 | Shoals:2 | Reached XP level 19. HP: 167/183 MP: 19/19
 23792 | Shoals:2 | XOM: silly message
 23818 | Shoals:2 | Found Vuedimo's Visitors' Centre.
 23831 | Shoals:2 | XOM: summons friendly white imp
 24097 | Shoals:2 | Found Vuedimo's Merfolk Armours.
 24098 | Shoals:2 | Found Vuedimo's Merfolk Magic.
 24098 | Shoals:2 | Found Vuedimo's Merfolk Weapons.
 24102 | Shoals:2 | Bought a scroll of teleportation for 300 gold pieces
 24293 | Shoals:2 | Noticed Nikola
 24306 | Shoals:2 | XOM: cast spell 'Olgreb's Toxic Radiance'
 24329 | Shoals:2 | XOM: smoke on damage
 24337 | Shoals:2 | Killed Nikola
 24527 | Shoals:2 | XOM: enchant monster (good)
 24690 | Shoals:3 | XOM: divination: detect items
 24707 | Shoals:3 | XOM: potion effect (curing)
 24711 | Shoals:3 | XOM: silly message
 24719 | Shoals:3 | XOM: divination: detect creatures
 24775 | Shoals:3 | XOM: divination: detect creatures
 24797 | Shoals:3 | XOM: cast spell 'Summon Ice Beast'
 24803 | Shoals:3 | XOM: noise
 24822 | Shoals:3 | XOM: potion effect (might)
 24941 | Shoals:3 | XOM: silly message
 25001 | Shoals:3 | XOM: silly message
 25187 | Shoals:3 | Found a glacial archway.
 25207 | IceCv    | Entered an ice cave
 25207 | IceCv    | XOM: silly message
 25254 | IceCv    | XOM: potion effect (haste)
 25255 | IceCv    | XOM: divination: detect creatures
 25281 | IceCv    | XOM: divination: magic mapping
 25311 | IceCv    | XOM: silly message
 25537 | IceCv    | XOM: noise
 25567 | IceCv    | Reached skill level 15 in Fighting
 25889 | IceCv    | XOM: summons 3 friendly demons
 25933 | IceCv    | XOM: 3-stop teleportation journey
 26014 | IceCv    | XOM: summons 3 friendly demons
 26023 | IceCv    | Reached XP level 20. HP: 46/194 MP: 20/20
 27446 | Shoals:4 | Entered Level 4 of the Shoals
 27626 | Shoals:4 | Noticed Mlioglotl
 27631 | Shoals:4 | Noticed a profane servitor
 27636 | Shoals:4 | XOM: smoke on damage
 27641 | Shoals:4 | Paralysed by accursed screaming for 2 turns
 27770 | Shoals:3 | XOM: summons 3 hostile shadow creatures
 28040 | Shoals:3 | XOM: 6-stop teleportation journey
 28252 | D:13     | XOM: scenery: create altars
 28408 | Lair:4   | XOM: give mutations
 28408 | Lair:4   | Gained mutation: Your tail ends in a venomous barb. [Xom's
                  | grace]
 28408 | Lair:4   | Lost mutation: You are dopey. (Int -2) [Xom's grace]
 28586 | Elf:1    | Entered Level 1 of the Elven Halls
 28687 | Orc:2    | XOM: give mutations
 28687 | Orc:2    | Gained mutation: Your spells are a little harder to cast,
                  | but a little more powerful. [Xom's grace]
 28687 | Orc:2    | Gained mutation: You are robust. (+10% HP) [Xom's grace]
 28861 | Orc:2    | XOM: fog
 28863 | Orc:2    | XOM: summons 2 friendly demons
 29033 | Orc:2    | Identified the ring of Dyrremn {rElec rF+ MP+9 Str+6} (Xom
                  | gifted it to you on level 2 of the Orcish Mines)
 29033 | Orc:2    | XOM: god gift: ring of Dyrremn {rElec rF+ MP+9 Str+6}
 29268 | Elf:1    | XOM: silly message
 29278 | Elf:1    | XOM: summons friendly crimson imp
 29379 | Elf:1    | XOM: blink monster(s)
 29441 | Elf:1    | XOM: potion effect (attraction)
 29876 | Elf:1    | XOM: scenery: summon butterflies
 29956 | Elf:1    | Got Lyst's Vellum of Convocation
 29998 | Elf:1    | Found a shimmering blue altar of Sif Muna.
 30004 | Elf:1    | XOM: silly message
 30014 | Elf:1    | XOM: blink monster(s)
 30030 | Elf:1    | XOM: summons 10 hostile demons
 30163 | Elf:2    | XOM: cleaving
 30189 | Elf:2    | XOM: enchant monster (bad)
 30192 | Elf:2    | XOM: cleaving
 30402 | Elf:2    | XOM: silly message
 30417 | Elf:2    | XOM: cleaving
 30469 | Elf:2    | XOM: god gift: masterwork chain mail {god gift}
 30469 | Elf:2    | Identified the +4 chain mail "Utu Baf" {Regen+} (Xom gifted
                  | it to you on level 2 of the Elven Halls)
 30826 | Elf:2    | Paralysed by an air elemental for 1 turns
 31009 | Elf:2    | Paralysed by an air elemental for 1 turns
 31011 | Elf:2    | Paralysed by an air elemental for 1 turns
 31143 | Elf:2    | Reached skill level 18 in Unarmed Combat
 31235 | Elf:2    | Found a runed translucent gate.
 31237 | Elf:2    | Found a runed translucent gate.
 31241 | Elf:2    | Found a runed translucent gate.
 31309 | Elf:2    | Paralysed by an air elemental for 1 turns
 31390 | Elf:2    | XOM: 1-stop teleportation journey
 31391 | Elf:2    | XOM: confuse monster(s)
 31431 | Elf:2    | XOM: potion effect (heal wounds)
 31436 | Elf:2    | XOM: noise
 31440 | Elf:2    | XOM: cast spell 'Alistair's Intoxication'
 31592 | Elf:2    | XOM: cloud trail
 31607 | Elf:2    | XOM: silly message
 31884 | Elf:3    | Entered Level 3 of the Elven Halls
 31899 | Elf:3    | XOM: confuse monster(s)
 32091 | Elf:3    | Reached skill level 15 in Shields
 32091 | Elf:3    | Reached XP level 21. HP: 224/224 MP: 21/21
 32183 | Elf:3    | Found Busydaid's Magic Scroll Shop.
 32536 | Elf:3    | XOM: divination: detect creatures
 32542 | Elf:3    | Reached skill level 10 in Dodging
 33300 | Elf:3    | XOM: confuse monster(s)
 33590 | Elf:3    | Identified the +8 spear "Coel" {antimagic, rN+ Will+ Str+2}
 33608 | Elf:3    | XOM: potion effect (curing)
 34940 | Snake:2  | XOM: silly message
 35325 | Vaults:1 | Entered Level 1 of the Vaults
 35357 | Vaults:1 | XOM: summons 10 friendly demons
 35670 | Vaults:1 | XOM: scenery: 1 doors close
 35820 | Vaults:1 | XOM: summons 14 friendly demons
 36460 | Vaults:1 | XOM: cast spell 'Summon Cactus Giant'
 36538 | Vaults:1 | XOM: 3-stop teleportation journey
 36552 | Vaults:1 | XOM: scenery: 1 doors close
 36631 | Vaults:1 | XOM: 1-stop teleportation journey
 36674 | Vaults:1 | XOM: divination: magic mapping
 36779 | Vaults:1 | XOM: give mutation
 36779 | Vaults:1 | Lost mutation: You occasionally lose the ability to read
                  | scrolls when taking damage. [Xom's mischief]
 36947 | Vaults:1 | XOM: noise
 36974 | Vaults:1 | XOM: silly message
 37047 | Vaults:1 | XOM: give mutations
 37047 | Vaults:1 | Gained mutation: You are somewhat resistant to further
                  | mutation. [Xom's grace]
 37047 | Vaults:1 | Gained mutation: Your tail ends in a sharp venomous barb.
                  | [Xom's grace]
 37047 | Vaults:1 | Gained mutation: Your spells are harder to cast, but more
                  | powerful. [Xom's grace]
 37047 | Vaults:1 | Gained mutation: You are somewhat resistant to both further
                  | mutation and mutation removal. [Xom's grace]
 37158 | Vaults:1 | XOM: cloud trail
 37196 | Vaults:1 | XOM: enchant monster (good)
 37299 | Vaults:2 | XOM: divine lightning
 37307 | Vaults:2 | XOM: summons friendly ufetubus
 37311 | Vaults:2 | XOM: confuse monster(s)
 37317 | Vaults:2 | XOM: fog
 37488 | Vaults:2 | XOM: 7-stop teleportation journey
 37802 | Vaults:2 | Reached skill level 15 in Armour
 37890 | Vaults:2 | XOM: god gift: 39 gold pieces
 37996 | Vaults:2 | Reached XP level 22. HP: 183/230 MP: 22/22
 37999 | Vaults:2 | XOM: god gift: wand of roots (3)
 38006 | Vaults:2 | XOM: summons friendly shadow imp
 38128 | Vaults:2 | XOM: scenery: 1 doors close
 38146 | Vaults:2 | XOM: god gift: orb of mayhem
 38209 | Vaults:2 | Found a staircase to the Crypt.
 38323 | Vaults:2 | Identified the +5 trident of the Whelk {freeze, rN++ Int+2}
 38324 | Vaults:2 | Found a large runed translucent door.
 38324 | Vaults:2 | Found a large runed translucent door.
 38324 | Vaults:2 | Found a large runed translucent door.
 38324 | Vaults:2 | Found a large runed translucent door.
 38324 | Vaults:2 | Found a large runed translucent door.
 38324 | Vaults:2 | Found a large runed translucent door.
 38324 | Vaults:2 | Noticed agentgt's ghost (veteran KoAK)
 38325 | Vaults:2 | Found a large runed translucent door.
 38325 | Vaults:2 | Found a large runed translucent door.
 38723 | Vaults:2 | XOM: cloud trail
 39017 | Vaults:2 | XOM: give mutations
 39017 | Vaults:2 | Gained mutation: Your spells are much harder to cast, but
                  | much more powerful. [Xom's grace]
 39017 | Vaults:2 | Gained mutation: You are very robust. (+20% HP) [Xom's
                  | grace]
 39017 | Vaults:2 | Gained mutation: You expend magic power (3 MP) to
                  | strengthen your wands. [Xom's grace]
 39270 | Vaults:2 | XOM: confuse monster(s)
 39276 | Vaults:2 | Killed agentgt's ghost
 39282 | Vaults:2 | XOM: divine lightning
 39454 | Vaults:3 | XOM: confusion (+ monsters)
 39471 | Vaults:3 | Reached XP level 23. HP: 267/267 MP: 23/23
 39480 | Vaults:3 | Noticed Norris
 39485 | Vaults:3 | XOM: 1-stop teleportation journey
 39513 | Vaults:3 | Found a magical portal.
 39533 | Vaults:3 | Found Ohaumnon's General Store.
 39542 | Vaults:3 | Bought a potion of haste for 130 gold pieces
 39566 | Vaults:3 | Noticed Bai Suzhen
 39568 | Vaults:3 | XOM: summons 7 hostile demons
 39578 | Vaults:3 | XOM: blink monster(s)
 39579 | Vaults:3 | XOM: potion effect (brilliance)
 39592 | Vaults:3 | Killed Bai Suzhen
 39607 | Vaults:3 | XOM: scenery: 1 doors close
 39616 | Vaults:3 | XOM: draining
 39625 | Vaults:3 | XOM: 3-stop teleportation journey
 39687 | Vaults:3 | XOM: divination: detect creatures
 39725 | Vaults:3 | XOM: give mutations
 39725 | Vaults:3 | Gained mutation: You are covered in fur. (AC +1) [Xom's
                  | grace]
 39725 | Vaults:3 | Gained mutation: Your muscles are strong. (Str +4, Int/Dex
                  | -1) [Xom's grace]
 39725 | Vaults:3 | Gained mutation: You have a moderately thin skeletal
                  | structure. (Dex +4, Stealth++) [Xom's grace]
 39936 | Vaults:3 | Reached skill level 19 in Unarmed Combat
 39982 | Vaults:3 | XOM: divine lightning
 40010 | Vaults:3 | XOM: scenery: 1 doors close
 40018 | Vaults:3 | Killed Norris
 40030 | Vaults:3 | XOM: confusion (+ monsters)
 40268 | Vaults:3 | XOM: confusion
 40384 | Vaults:3 | XOM: 3-stop teleportation journey
 40491 | Vaults:3 | XOM: 10-stop teleportation journey
 40695 | Vaults:3 | XOM: silly message
 40698 | Vaults:3 | XOM: swap monsters
 41127 | Vaults:3 | XOM: summons 12 hostile demons
 41313 | Vaults:4 | XOM: stealth player
 41383 | Vaults:4 | XOM: 6-stop teleportation journey
 41388 | Vaults:4 | XOM: silly message
 41462 | Vaults:4 | XOM: confuse monster(s)
 41466 | Vaults:4 | XOM: silly message
 41806 | Vaults:4 | Found a runed translucent gate.
 41806 | Vaults:4 | Found a runed translucent gate.
 41806 | Vaults:4 | Found a runed translucent gate.
 41808 | Vaults:4 | Noticed Dacon's ghost (adept MiGl)
 41952 | Vaults:4 | XOM: silly message
 42168 | Vaults:4 | XOM: potion effect (invisibility)
 42240 | Vaults:4 | XOM: noise
 42283 | Vaults:4 | XOM: god gift: chain mail {god gift}
 42403 | Vaults:4 | XOM: potion effect (attraction)
 42516 | Vaults:4 | XOM: scenery: 1 doors open, 2 doors close
 42614 | Vaults:4 | XOM: cloud trail
 42698 | Vaults:4 | XOM: summons 6 friendly demons
 42706 | Vaults:4 | Reached XP level 24. HP: 245/278 MP: 23/23
 42753 | Vaults:4 | XOM: enchant monster (good)
 42767 | Vaults:4 | Killed Dacon's ghost
 42779 | Vaults:4 | Identified the -1 pair of gloves "Ysyan" {rF+ rN++ Slay+2}
 42921 | Vaults:4 | XOM: god gift: 31 gold pieces
 43042 | Vaults:5 | Entered Level 5 of the Vaults
 43090 | Vaults:4 | XOM: god gift: scroll of summoning
 43100 | Vaults:4 | XOM: divination: detect creatures
 43115 | Vaults:4 | XOM: enchant monster (bad)
 43117 | Vaults:4 | XOM: summons friendly shadow imp
 43227 | Vaults:4 | XOM: summons friendly white imp
 43308 | Vaults:4 | XOM: polymorph white imp -> ufetubus
 43382 | Vaults:4 | XOM: enchant monster (bad)
 43590 | Vaults:4 | XOM: silly message
 43699 | Vaults:5 | XOM: blink monster(s)
 43700 | Vaults:5 | XOM: confuse monster(s)
 43723 | Vaults:4 | XOM: confusion (+ monsters)
 43974 | Vaults:5 | Identified the amulet "Tuzoni" {Acrobat Harm Will- rCorr
                  | Int+3}
 43984 | Vaults:5 | XOM: summons 12 friendly demons
 43987 | Vaults:5 | Identified the ring of Jeumoz {rPois rCorr Str+3}
 44025 | Vaults:5 | XOM: smoke on damage
 44035 | Vaults:5 | XOM: summons 1 friendly demon
 44425 | Vaults:4 | XOM: give mutations
 44425 | Vaults:4 | Gained mutation: You are almost entirely resistant to
                  | further mutation and mutation removal. [Xom's grace]
 44425 | Vaults:4 | Gained mutation: You are agile. (Dex +4, Str/Int -1) [Xom's
                  | grace]
 44425 | Vaults:4 | Gained mutation: You possess an exceptional clarity of
                  | mind. [Xom's grace]
 44425 | Vaults:4 | Gained mutation: You passively dampen the noise of your
                  | surroundings. [Xom's grace]
 44586 | Vaults:4 | XOM: cloud trail
 44869 | Vaults:5 | XOM: polymorph ettin -> black bear
 44884 | Vaults:5 | XOM: god gift: mace {god gift}
 44923 | Vaults:5 | XOM: god gift: wand of polymorph (3)
 44964 | Vaults:5 | Identified the +4 scimitar of Dividends {drain, Int+6}
 45006 | Vaults:5 | XOM: divination: detect items
 45024 | Vaults:5 | Identified the amulet "Sintu" {Spirit rC+ Int+5}
 45028 | Vaults:5 | XOM: enchant monster (good)
 45030 | Vaults:5 | XOM: blink monster(s)
 45040 | Vaults:5 | XOM: smoke on damage
 45046 | Vaults:5 | XOM: 2-stop teleportation journey
 45173 | Vaults:5 | XOM: cleaving
 45190 | Vaults:5 | Noticed a dread lich
 45197 | Vaults:5 | Killed a dread lich
 45271 | Vaults:5 | XOM: god gift: 3 scrolls of teleportation
 45529 | Vaults:5 | XOM: noise
 45778 | Vaults:5 | XOM: give mutation
 45778 | Vaults:5 | Lost mutation: You passively dampen the noise of your
                  | surroundings. [Xom's mischief]
 45863 | Vaults:5 | XOM: fog
 46032 | Vaults:5 | XOM: summons 12 hostile demons
 46092 | Vaults:5 | Got a silver rune of Zot
 46097 | Vaults:5 | XOM: divination: detect creatures
 46204 | Vaults:5 | Reached skill level 20 in Unarmed Combat
 46219 | Vaults:5 | XOM: silly message
 46967 | Elf:3    | XOM: potion effect (invisibility)
 47037 | Elf:3    | Reached XP level 25. HP: 266/292 MP: 23/23
 47060 | Elf:3    | XOM: enchant monster (good)
 47075 | Elf:3    | XOM: enchant monster (good)
 47089 | Elf:3    | Identified the +5 trident of Turmoil {flame, Will+}
 47658 | Elf:3    | Got the Compendium of the Anticline and Synthesis
 47666 | Elf:3    | XOM: blink monster(s)
 47695 | Elf:3    | XOM: 3-stop teleportation journey
 47837 | Elf:3    | XOM: god gift: 6 stones
 47840 | Elf:3    | Identified the +0 scale mail "Cyristou" {-Cast +Blink rPois
                  | Dex-5}
 47848 | Elf:3    | XOM: noise
 48274 | Crypt:1  | Entered Level 1 of the Crypt
 48408 | Crypt:1  | XOM: fake destruction
 48446 | Crypt:1  | XOM: scenery: create altars
 48586 | Crypt:1  | You fall into a shaft and drop 1 floor!
 48718 | Crypt:2  | Noticed Sojobo
 48724 | Crypt:2  | XOM: swap monsters
 48737 | Crypt:2  | Paralysed by an air elemental for 1 turns
 48742 | Crypt:2  | Paralysed by an air elemental for 1 turns
 48753 | Crypt:2  | Killed Sojobo
 48882 | Crypt:2  | Noticed Vv
 48897 | Crypt:2  | Killed Vv
 49082 | Crypt:2  | XOM: give mutations
 49082 | Crypt:2  | Lost mutation: You have a pair of small antennae on your
                  | head. [Xom's mischief]
 49082 | Crypt:2  | Lost mutation: You possess an exceptional clarity of mind.
                  | [Xom's mischief]
 49132 | Crypt:2  | XOM: cast spell 'Animate Armour'
 49196 | Crypt:1  | XOM: divination: magic mapping
 49227 | Crypt:1  | Found a runed door.
 49567 | Crypt:1  | Noticed a dread lich
 49568 | Crypt:1  | XOM: 1-stop teleportation journey
 49576 | Crypt:1  | XOM: potion effect (might)
 49631 | Crypt:1  | XOM: fog
 49905 | Crypt:1  | XOM: scenery: 1 fountains blood, 3 doors close
 50222 | Crypt:1  | XOM: god gift: 672 gold pieces
 50468 | Crypt:1  | Noticed a dread lich
 50468 | Crypt:1  | XOM: summons friendly iron imp
 50476 | Crypt:1  | XOM: summons friendly crimson imp
 50481 | Crypt:1  | Killed a dread lich
 50497 | Crypt:1  | XOM: divination: detect items
 50502 | Crypt:1  | Killed a dread lich
 50511 | Crypt:1  | Identified the +8 scimitar "Killer Bee's Bane" {vamp, rElec
                  | rN+++ Will++ Str-5}
 50519 | Crypt:1  | Identified a scroll of acquirement
 50557 | Crypt:1  | Identified the +1 pair of boots of the Sky {Dex+3 Stlth+}
 50559 | Crypt:1  | Got Goss's Elucidation of the Creative Torch
 50699 | Crypt:2  | XOM: 2-stop teleportation journey
 50703 | Crypt:2  | Noticed Xtahua
 50719 | Crypt:2  | Killed Xtahua
 50734 | Crypt:2  | XOM: god gift: potion of resistance
 50826 | Crypt:2  | XOM: cloud trail
 50985 | Crypt:2  | XOM: cloud trail
 51116 | Crypt:2  | XOM: give mutations
 51116 | Crypt:2  | Gained mutation: You are very agile. (Dex +8, Str/Int -2)
                  | [Xom's grace]
 51116 | Crypt:2  | Gained mutation: Your mind is acute. (Int +4, Str/Dex -1)
                  | [Xom's grace]
 51116 | Crypt:2  | Gained mutation: You have a pair of small antennae on your
                  | head. [Xom's grace]
 51126 | Crypt:3  | XOM: stealth player
 51126 | Crypt:3  | Entered Level 3 of the Crypt
 51141 | Crypt:3  | XOM: swap monsters
 51346 | Crypt:3  | XOM: confuse monster(s)
 51383 | Crypt:3  | XOM: confuse monster(s)
 51544 | Crypt:3  | XOM: scenery: summon butterflies
 51636 | Crypt:3  | Found a staircase to the Tomb.
 51968 | Crypt:3  | XOM: scenery: 1 fountains blood, 4 doors open
 51973 | Crypt:3  | XOM: enchant monster (good)
 51981 | Crypt:3  | XOM: enchant monster (good)
 51985 | Crypt:3  | XOM: cast spell 'Disjunction'
 52016 | Crypt:3  | XOM: enchant monster (good)
 52363 | Crypt:3  | XOM: divine lightning
 52402 | Crypt:3  | Reached XP level 26. HP: 300/309 MP: 23/23
 52440 | Crypt:3  | XOM: confuse monster(s)
 52487 | Crypt:3  | Found an ancient bone altar of Kikubaaqudgha.
 52501 | Crypt:3  | XOM: noise
 52771 | Crypt:3  | XOM: 2-stop teleportation journey
 52937 | Crypt:3  | Found a basalt altar of Yredelemnul.
 52942 | Crypt:3  | Identified the staff of Okawaru, Howling {rElec rN+ Stlth+
                  | Necro}
 52953 | Crypt:3  | Found the amulet of Vitality {RegenMP++ Regen++}
 52955 | Crypt:3  | Identified the ring "Henoz" {rN+ Str+3}
 52955 | Crypt:3  | Identified the amulet "Losolug" {Will+ Regen+ Dex+3}
 52955 | Crypt:3  | Identified the ring "Cimpatsu" {rElec rC- rN+ Str+4}
 52962 | Crypt:3  | Identified the +1 robe of the New World {+Blink Stlth+}
 52963 | Crypt:3  | Identified the ring "Ynysulath" {rN+ AC+4}
 53156 | Crypt:3  | XOM: noise
 53580 | Depths:1 | Entered Level 1 of the Depths
 53945 | Depths:1 | XOM: noise
 54045 | Depths:1 | XOM: noise
 54068 | Depths:1 | XOM: silly message
 54134 | Depths:1 | XOM: silly message
 54142 | Depths:1 | Found a gateway to Hell.
 54194 | Depths:1 | XOM: silly message
 54323 | Depths:1 | XOM: potion effect (invisibility)
 54327 | Depths:1 | XOM: noise
 54328 | Depths:1 | Reached skill level 21 in Unarmed Combat
 54347 | Depths:1 | XOM: potion effect (might)
 54574 | Depths:1 | XOM: silly message
 54660 | Depths:2 | XOM: silly message
 54784 | Depths:2 | XOM: divination: magic mapping
 54812 | Depths:2 | XOM: noise
 54815 | Depths:2 | XOM: divination: magic mapping
 54908 | Depths:2 | XOM: divination: detect creatures
 54912 | Depths:2 | XOM: polymorph guardian serpent -> shining eye
 54913 | Depths:2 | Identified the ring "Basiadus" {rC+ MP+9 Int+6}
 55120 | Depths:2 | Identified the ring "Fechytacs" {rC+ Will+ Int+3}
 55131 | Depths:2 | Found a basalt altar of Yredelemnul.
 55142 | Depths:2 | XOM: 4-stop teleportation journey
 55341 | Depths:2 | Found a one-way gate leading to the halls of Pandemonium.
 55397 | Depths:2 | Found a transporter.
 55405 | Depths:2 | XOM: 1-stop teleportation journey
 55432 | Depths:2 | XOM: give mutations
 55432 | Depths:2 | Gained mutation: You are partially covered in iridescent
                  | scales. (AC +2) [Xom's grace]
 55432 | Depths:2 | Gained mutation: You are mostly covered in iridescent
                  | scales. (AC +4) [Xom's grace]
 55432 | Depths:2 | Gained mutation: You are covered in thick fur. (AC +2)
                  | [Xom's grace]
 55491 | Depths:2 | XOM: summons 3 hostile shadow creatures
 55540 | Depths:2 | Identified the ring of Law {rElec Str+6 Stlth+}
 55592 | Depths:2 | Identified the ring "Yrenath" {+Blink rC+ Will+++ Str-2}
 55592 | Depths:2 | XOM: 3-stop teleportation journey
 55835 | Depths:2 | XOM: give mutations
 55835 | Depths:2 | Gained mutation: You can exhale a cloud of poison. [Xom's
                  | grace]
 55835 | Depths:2 | Gained mutation: Your tail ends in a wickedly sharp and
                  | venomous barb. [Xom's grace]
 55841 | Depths:2 | XOM: confuse monster(s)
 55853 | Depths:2 | XOM: enchant monster (good)
 55948 | Depths:2 | Found a transporter.
 56160 | Depths:2 | XOM: 4-stop teleportation journey
 56176 | Depths:2 | XOM: give mutation
 56176 | Depths:2 | Gained mutation: You passively map a small area around you.
                  | [Xom's grace]
 56525 | D:12     | Identified the amulet "Daxtatut" {Faith rPois Int-5 SInv
                  | Stlth+}
 56542 | D:12     | Acquired a manual of Summonings
 56653 | Depths:3 | Reached skill level 1 in Summonings
 56678 | Depths:3 | XOM: scenery: 1 doors close
 56699 | Depths:3 | XOM: divination: detect creatures
 56714 | Depths:3 | Reached skill level 5 in Summonings
 56806 | Depths:3 | Found a broken altar of Ashenzari.
 56877 | Depths:3 | Found a one-way gate to the infinite horrors of the Abyss.
 56959 | Depths:3 | XOM: god gift: book of Scorching
 57057 | Depths:3 | XOM: divination: magic mapping
 57057 | Depths:3 | Noticed an ancient lich
 57068 | Depths:3 | XOM: scenery: 1 doors open
 57072 | Depths:3 | XOM: summons friendly iron imp
 57073 | Depths:3 | Killed an ancient lich
 57306 | Depths:3 | Got Imoocs's Discourse on Clouds and Bad Luck
 57314 | Depths:3 | XOM: god gift: staff of death
 57483 | Depths:3 | Reached XP level 27. HP: 320/320 MP: 23/23
 57653 | Depths:4 | Entered Level 4 of the Depths
 57719 | Depths:4 | XOM: god gift: 2 atropa-tipped darts
 57727 | Depths:4 | Reached skill level 10 in Summonings
 57763 | Depths:4 | Found a one-way gateway to a ziggurat.
 57946 | Depths:4 | Noticed Boris
 57947 | Depths:4 | XOM: fog
 57959 | Depths:4 | Killed Boris
 58004 | Depths:4 | XOM: cleaving
 58058 | Depths:4 | XOM: scenery: 1 doors open, 1 doors close
 58060 | Depths:4 | Found a gate to the Realm of Zot.
 58066 | Depths:4 | XOM: summons friendly ufetubus
 58072 | Depths:4 | XOM: 1-stop teleportation journey
 58366 | Depths:4 | XOM: chaos cloud
 58373 | Depths:4 | XOM: cleaving
 58383 | Depths:4 | XOM: scenery: 2 doors close
 58641 | Depths:4 | XOM: scenery: 1 doors close
 59103 | Snake:3  | Found Amiraol's Self-Improvement Boutique.
 59113 | Snake:3  | Bought a manual of Spellcasting for 1120 gold pieces
 59117 | Snake:3  | Identified the +5 kite shield of the Cobbler {Int+2}
 59117 | Snake:3  | Noticed Asterion
 59150 | Snake:3  | Reached skill level 1 in Spellcasting
 59189 | Snake:3  | Noticed Donald
 59201 | Snake:3  | Killed Donald
 59366 | Snake:3  | Found Fadd's General Store.
 59457 | Snake:3  | Killed Asterion
 59559 | Snake:3  | XOM: scenery: summon butterflies
 59779 | Snake:4  | Entered Level 4 of the Snake Pit
 59788 | Snake:4  | XOM: enchant monster (good)
 59818 | Snake:4  | Reached skill level 5 in Spellcasting
 59966 | Snake:4  | XOM: scenery: summon butterflies
 60104 | Snake:4  | XOM: confuse monster(s)
 60215 | Snake:4  | XOM: give mutations
 60215 | Snake:4  | Gained mutation: Your mind is very acute. (Int +8, Str/Dex
                  | -2) [Xom's grace]
 60215 | Snake:4  | Gained mutation: You have an unnaturally thin skeletal
                  | structure. (Dex +6, Stealth+++) [Xom's grace]
 60231 | Snake:4  | XOM: fog
 60430 | Snake:4  | Got a serpentine rune of Zot
 60768 | Snake:4  | Acquired the +3 pair of gloves "Meghuqusou" {Dex+4}
 60794 | Snake:4  | Found Moish's Superior Scales.
 60865 | Snake:4  | Identified the maw talisman of the Tarantula {Str+2 Dex+3}
 61781 | Shoals:4 | XOM: polymorph large abomination -> large abomination
 61782 | Shoals:4 | XOM: cast spell 'Cause Fear'
 61785 | Shoals:4 | XOM: confuse monster(s)
 61785 | Shoals:4 | Paralysed by accursed screaming for 1 turns
 61791 | Shoals:4 | Paralysed by accursed screaming for 2 turns
 61793 | Shoals:4 | XOM: 2-stop teleportation journey
 61797 | Shoals:4 | XOM: enchant monster (bad)
 61806 | Shoals:4 | Reached skill level 10 in Spellcasting
 61814 | Shoals:4 | XOM: swap monsters
 61822 | Shoals:4 | Killed Mlioglotl
 61919 | Shoals:4 | XOM: noise
 61957 | Shoals:4 | XOM: summons friendly ufetubus
 62049 | Shoals:4 | XOM: 1-stop teleportation journey
 62112 | Shoals:4 | XOM: cast spell 'Malign Gateway'
 62232 | Shoals:4 | XOM: confuse monster(s)
 62302 | Shoals:4 | Got a barnacled rune of Zot
 62601 | Shoals:4 | XOM: noise
 62642 | Shoals:4 | XOM: silly message
 62647 | Shoals:4 | Noticed Ilsuiw
 62657 | Shoals:4 | Killed Ilsuiw
 62955 | Lair:2   | Killed lordive's ghost
 62956 | Lair:2   | Reached skill level 10 in Stealth
 62989 | Lair:2   | Learned a level 7 spell: Summon Hydra
 63024 | Lair:1   | XOM: god gift: scroll of teleportation
 63282 | Zot:1    | Entered Level 1 of the Realm of Zot
 63285 | Zot:1    | XOM: enchant monster (bad)
 63292 | Depths:4 | XOM: silly message
 63415 | Depths:4 | XOM: silly message
 63441 | Depths:4 | XOM: noise
 63680 | Depths:4 | XOM: divination: detect creatures
 63812 | Zot:1    | XOM: potion effect (curing)
 64015 | Zot:1    | XOM: potion effect (might)
 64068 | Zot:1    | Reached skill level 15 in Summonings
 64194 | Zot:1    | XOM: cleaving
 64301 | Zot:1    | XOM: divination: magic mapping
 64433 | Zot:1    | XOM: give mutations
 64433 | Zot:1    | Lost mutation: You are covered in thick fur. (AC +2) [Xom's
                  | mischief]
 64433 | Zot:1    | Lost mutation: You are almost entirely resistant to further
                  | mutation and mutation removal. [Xom's mischief]
 64433 | Zot:1    | Lost mutation: Your tail ends in a wickedly sharp and
                  | venomous barb. [Xom's mischief]
 64433 | Zot:1    | Lost mutation: You are very robust. (+20% HP) [Xom's
                  | mischief]
 64570 | Zot:1    | XOM: fake destruction
 64572 | Zot:1    | XOM: blink monster(s)
 64595 | Zot:1    | XOM: confuse monster(s)
 64620 | Zot:1    | XOM: scenery: create altars
 64631 | Zot:1    | HP: 8/293 [yellow draconian shifter/glob of acid (18)]
 64647 | Zot:1    | XOM: potion effect (brilliance)
 65089 | Zot:1    | XOM: noise
 65227 | Zot:1    | XOM: potion effect (invisibility)
 65288 | Depths:3 | XOM: silly message
 65464 | D:8      | XOM: scenery: create altars
 65584 | D:3      | Bought a scroll of acquirement for 1456 gold pieces
 65584 | D:3      | Bought gold dragon scales for 2240 gold pieces
 65584 | D:3      | Acquired 688 gold pieces
 66402 | Slime:1  | Entered Level 1 of the Pits of Slime
 66410 | Slime:1  | XOM: scenery: create altars
 66517 | Slime:1  | You fall into a shaft and drop 1 floor!
 66589 | Slime:2  | XOM: scenery: create altars
 66814 | Slime:3  | XOM: destruction
 66841 | Slime:3  | XOM: blink monster(s)
 66847 | Slime:3  | XOM: cast spell 'Iskenderun's Battlesphere'
 66905 | Slime:3  | XOM: 1-stop teleportation journey
 67251 | Slime:4  | Learned a level 4 spell: Animate Armour
 67331 | Slime:3  | XOM: silly message
 67379 | Slime:4  | XOM: potion effect (invisibility)
 67381 | Slime:4  | XOM: potion effect (brilliance)
 67571 | Slime:5  | Entered Level 5 of the Pits of Slime
 67572 | Slime:5  | XOM: potion effect (invisibility)
 67585 | Slime:5  | XOM: silly message
 67671 | Slime:5  | Found the +3 robe of Clouds {*Thunder rCloud rElec}
 67680 | Slime:5  | XOM: potion effect (berserk rage)
 67850 | Slime:5  | Noticed the Royal Jelly
 67856 | Slime:5  | Killed the Royal Jelly
 67875 | Slime:5  | XOM: silly message
 67890 | Slime:5  | HP: 10/293 [azure jelly[the Royal Jelly] (51)]
 67895 | Slime:5  | HP: 13/293 [acid blob/splash of acid (2)]
 67901 | Slime:5  | XOM: summons friendly white imp
 67901 | Slime:5  | HP: 14/293 [acid blob/splash of acid (19)]
 67906 | Slime:5  | Mangled by an acid blob

Illustrated notes

Levels and vault maps discovered:
D:1:      dpeg_arrival_pits, layout_basic
D:2:      layout_loops_corners, shapermc_ecumenical_altar_pompeii,
          nicolae_concentric_dashed_squares_wild,
          chequers_serial_rivers_micro_a, uniq_sigmund
D:3:      layout_basic, okawaru_metal_pillars_1_2, serial_shops,
          nicolae_shop_overgrown_old_shop, shop,
          nicolae_shop_pleasant_corner_grove, shop, shop, minmay_misc_feat_cross
D:4:      layout_loops_ring, uniq_robin
D:5:      kennysheep_big_flooded_room, layout_basic, zin_purify, serial_shops,
          shop, uniq_ijyb
D:6:      layout_loops_ring, grunt_ashenzari_visionary
          [grunt_ashenzari_visionary_shoals, grunt_ashenzari_visionary_snake],
          temple_green, serial_aquarium, aquarium_bridge_square
          [aquarium_subvault_bridge, aquarium_subvault_bridge,
          aquarium_subvault_window, aquarium_subvault_bridge],
          aquarium_bridge_straight [aquarium_subvault_bridge,
          aquarium_subvault_window, aquarium_subvault_bridge,
          aquarium_subvault_wall], aquarium_window_corridor_2,
          aquarium_window_fake, aquarium_view_2c, aquarium_view_2f,
          aquarium_balcony_5b, minmay_fractal_squares_gapless_5, uniq_maggie
D:7:      layout_cave_pools, worldfamousw_hep_ancestral_shrine, minmay_shop_chei
D:8:      layout_cave_pools, amcnicky_altar_gilded, david_lair_generic,
          nicolae_two_hexagons, uniq_joseph
D:9:      layout_cave_pools, lemuel_coloured_pillars_altar, gammafunk_ghost_icy
D:10:     layout_small_grid, lightli_temple_of_fire, orc_0_dummy
D:11:     layout_rooms, onia_ninara_cookie, uniq_snorg
D:12:     layout_loops_corners, hellmonk_ghost_happy_afterlife,
          grunt_decor_arrowhead, minivault_21,
          minmay_guarded_unrand_vampires_tooth, uniq_lodul
D:13:     layout_long_grid, nicolae_dithmenos_shadow_blocks
D:14:     layout_rooms, david_vaults_2, minmay_misc_feat_ornament, uniq_jorgrun,
          uniq_louise
D:15:     grunt_enter_depths_snipers, layout_basic,
          hangedman_abyss_or_decor_clamps, hangedman_decor_points
Lair:1:   layout_small_grid, gauntlet_entry_generic, serial_bayou_pond_e,
          uniq_fannar
Lair:2:   layout_gridlike, minmay_shoals_entry_beasts,
          ebering_ghost_rock_garden, serial_bayou_pond_b, minmay_lindwurm_lava,
          infiniplex_staircase_pool
Lair:3:   layout_cave_pods, nicolae_snake_entry_warm_welcome,
          minmay_stone_trees_large, beast_lair_carwin_11
Lair:4:   layout_long_grid, slime_entry_1, pdpol_lair_cabin_in_the_woods
Lair:5:   grunt_lair_end_beastmaster, layout_loops_ring,
          lightli_volcano_entry_magma_tube
Shoals:1: layout_shoals, regret_index_shoals_crete
Shoals:2: nicolae_shoals_mermall, layout_shoals, nzn_prometheus_bound,
          nicolae_shoals_former_cling_halls, uniq_nikola
Shoals:3: layout_shoals, portal_ice_cave_entry_ice_statue_two
Shoals:4: shoals_end_simple, layout_shoals, shoals_ilsuiw_alternative,
          uniq_mlioglotl
Snake:1:  layout_misc_corridors, basic_altar, nicolae_snake_round_shape_thing,
          hangedman_snake_corridor_split, uniq_aizul
Snake:2:  nicolae_snake_crotalidae_crossing, layout_layer_cave, uniq_saint_roka,
          uniq_vashnia
Snake:3:  layout_onion, serial_shops, nicolae_shop_rolling_square,
          nicolae_shop_self_help, uniq_asterion, uniq_donald
Snake:4:  grunt_snake_rune_spirals, layout_onion, hellmonk_scale_shop
Slime:1:  layout_caves
Slime:2:  layout_caves, cheibrodos_slime_lost_civilization_6
Slime:3:  layout_caves
Slime:4:  layout_caves
Slime:5:  slime_pit_nicolae_inversion
Orc:1:    layout_caves, uniq_nergalle
Orc:2:    hellmonk_orc_salted, layout_caves, mines1_david
Elf:1:    minmay_elf_arrival_plus, layout_rooms, basic_altar,
          minmay_elf_demonology, minivault_16, drop_trap
Elf:2:    elven_hall_of_blades_hangedman_original
          [nicolae_vaults_blade_armed_guards], layout_geoelf_octagon
Elf:3:    minmay_elf_hall_hex, layout_geoelf_octagon, serial_shops,
          nicolae_shop_peninsula, serial_sigils, serial_sigils_hangedman_scar,
          serial_sigils_hangedman_gut, serial_sigils_hangedman_stare,
          serial_sigils_hangedman_writhe
Vaults:1: v_misc_27, nicolae_vaults_trapezoid_lopsided_3,
          grunt_vaults_hallway_long, grunt_vaults_focal,
          nicolae_vaults_heart-shaped_vault, ontoclasm_vaults_ring_small,
          v_misc_31, st_lattice, v_pattern_5, v_rooms_2,
          nicolae_vaults_angled_halls, hangedman_vaults_maws,
          vaults_room_octagon, layout_vaults_omnibox
Vaults:2: advil_vaults_ghost_lines, v_misc_9, v_rooms_4,
          minmay_crypt_entry_simple_sparse, nicolae_vaults_surprise_closet,
          nicolae_vaults_network_periphery, nicolae_vaults_trapezoid_lopsided_3,
          nicolae_vaults_trapezoid_lopsided_3, hangedman_vaults_hat,
          nicolae_vaults_six-pack, nicolae_vaults_double_plus_2,
          serial_library_hellmonk_reading_circle, vaults_room_large_hall,
          vaults_room_octagon, layout_vaults_omnigrid, uniq_margery
Vaults:3: infiniplex_enter_wizlab_spiral, nicolae_vaults_quartermaster,
          nicolae_vaults_tetromino_Z_2, nicolae_vaults_trapezoid_lopsided_2,
          nicolae_vaults_trapezoid_lopsided_4, hangedman_vaults_cutoff,
          nicolae_vaults_sesquioval_fish, nicolae_vaults_closet_pinwheel_3,
          ontoclasm_vaults_shuriken, vaults_room_grunt_arrival_ludios,
          nicolae_vaults_mini_display_case, layout_vaults_omnicross,
          serial_shops, shop, uniq_bai_suzhen, uniq_norris
Vaults:4: gammafunk_ghost_necromancy, nicolae_vaults_diamond_1,
          nicolae_vaults_network_quincunx
          [nicolae_vaults_network_quincunx_subvault,
          nicolae_vaults_network_quincunx_subvault,
          nicolae_vaults_network_quincunx_subvault,
          nicolae_vaults_network_quincunx_subvault,
          nicolae_vaults_network_quincunx_subvault], vaults_standard_mumra_x,
          nicolae_vaults_big_angled_halls, vaults_room_octagon,
          hangedman_vaults_snaps, v_misc_27, vaults_room_fancy_cross,
          vaults_room_corners, ontoclasm_vaults_loading_screen,
          layout_vaults_maze_bifur
Vaults:5
Crypt:1:  evilmike_wizard_prison, layout_basic, grunt_crypt_arrival_guarded_gate
Crypt:2:  layout_regular_city, uniq_vv, uniq_sojobo, uniq_xtahua
Crypt:3:  lightli_unholy_cathedral, layout_chaotic_city,
          tomb_entry_simple_bobbens, grunt_ministairs_6
Depths:1: layout_gridlike, serial_curves, eino_curves_01, eino_curves_03,
          eino_curves_04, hangedman_coc_ice_floe, nicolae_titane
Depths:2: hangedman_spin_cycle, pan_entry, serial_shops, hell_entry
Depths:3: minmay_tri_stars, layout_gridville, pf_hell_entry_great_geh,
          abyss_entry, serial_glass, glass_columns_a, glass_columns_b,
          feat_on_display, due_unseen_surprise, feat_on_display,
          item_on_display_a, ashenzari_conservatory_becter,
          infiniplex_staircase_zigzag_1
Depths:4: grunt_zot_entry_funnels, layout_basic, enter_ziggurat_e, serial_glass,
          glass_columns_a, glass_columns_c, hell_entry, fountainhead,
          nicolae_figureground_sparkle, uniq_boris
Zot:1:    lemuel_acid_trip, layout_onion

Skill      XL: |  1  2  3  4  5  6  7  8  9 10 11 12 13 14 15 16 17 18 19 20 21 22 23 24 25 26 27 |
---------------+----------------------------------------------------------------------------------+-----
Stealth        | 2 4 8 10 | 10.0
Unarmed Combat | 1 4 6 10 11 12 13 14 15 16 17 18 19 20 21 | 21.3
Fighting       | 5 7 8 10 11 12 13 14 15 16 17 18 19 | 19.7
Armour         | 3 5 6 7 9 10 11 12 13 14 15 16 17 18 | 18.0
Dodging        | 3 5 6 8 9 10 11 12 13 14 | 14.2
Shields        | 2 7 9 11 12 13 15 16 17 18 19 20 | 20.3
Summonings     | 9 18 | 18.1
Spellcasting   | 12 | 12.2
Short Blades   | |  3.0

Action                     |  1- 3 |  4- 6 |  7- 9 | 10-12 | 13-15 | 16-18 | 19-21 | 22-24 | 25-27 || total
---------------------------+-------+-------+-------+-------+-------+-------+-------+-------+-------++-------
  Melee: Short sword       |    51 |     9 |       |       |       |       |       |       |       ||    60
         Punch             |     1 |     1 |    13 |    33 |    23 |       |       |       |       ||    71
         Unarmed           |       |    80 |   269 |   495 |  1017 |   579 |  1376 |  1187 |  2537 ||  7540
         Constrict         |       |       |       |       |   217 |   132 |   293 |   212 |   419 ||  1273
         Headbutt          |       |       |       |       |   238 |   104 |       |       |       ||   342
   Cast: Animate Armour    |       |       |       |       |       |       |       |       |     6 ||     6
         Summon Hydra      |       |       |       |       |       |       |       |       |     5 ||     5
Ability: Spit Poison       |    21 |    36 |    48 |    44 |    67 |    58 |   117 |    63 |    55 ||   509
         Breathe Poison Ga |       |       |       |       |     5 |       |       |       |       ||     5
         Evoke Blink       |       |       |       |       |       |       |     1 |       |       ||     1
  Evoke: Lightning rod     |       |       |       |       |     2 |       |       |       |       ||     2
         Wand              |       |       |       |       |     1 |     3 |     1 |       |     1 ||     6
         Phantom mirror    |       |       |       |       |       |       |       |       |     1 ||     1
         Condenser vane    |       |       |       |       |       |       |       |       |     1 ||     1
    Use: Scroll            |     1 |     6 |     6 |     6 |     2 |     6 |     8 |     4 |    17 ||    56
         Potion            |       |     2 |       |     4 |     1 |     8 |     7 |     3 |    11 ||    36
   Stab: Sleeping          |       |     1 |     1 |     2 |       |       |       |     1 |     1 ||     6
         Confused          |       |       |     1 |       |     2 |     9 |     5 |     6 |    18 ||    41
         Distracted        |       |       |       |     1 |     1 |     4 |     4 |     1 |     6 ||    17
         Petrified         |       |       |       |       |     4 |     2 |       |       |     3 ||     9
         Petrifying        |       |       |       |       |     1 |     1 |       |       |     1 ||     3
         Invisible         |       |       |       |       |       |       |       |     1 |    17 ||    18
         Paralysed         |       |       |       |       |       |       |       |       |     1 ||     1
 Armour: Leather armour    |    31 |    59 |   244 |   352 |       |       |       |       |       ||   686
         Crystal plate arm |       |       |       |   235 |  1007 |   416 |   899 |   888 |  1428 ||  4873
  Dodge: Dodged            |    17 |    33 |   125 |   145 |    35 |    10 |    71 |   178 |   468 ||  1082
  Block: Tower shield      |       |       |       |       |  1118 |   767 |  1696 |  1853 |  3119 ||  8553
         Reflection        |       |       |       |       |       |       |    74 |    93 |       ||   167
